 Dungeon Crawl Stone Soup version 0.30-a0-161-gdd60e06945 (webtiles) character file.

Game seed: 15352765637966510248

302970 qw the Peltast (level 21, -11/144 HPs)
             Began as a Gargoyle Fighter on Sept 27, 2022.
             Was a High Priest of Okawaru.
             Killed from afar by a frost giant (32 damage)
             ... with a bolt of cold
             ... on level 4 of the Vaults.
             The game lasted 00:20:58 (45678 turns).

qw the Peltast (Gargoyle Fighter)                  Turns: 45678, Time: 00:20:58

Health: -11/144    AC: 59    Str: 32    XL:     21   Next: 44%
Magic:  17/22      EV: 15    Int: 13    God:    Okawaru [*****.]
Gold:   590        SH: 30    Dex:  9    Spells: 20/20 levels left

rFire   + . .      SeeInvis .    Y - +7 broad axe (protect)
rCold   . . .      Faith    .    k - +3 tower shield "Peunad" {rPois Will+ Int+4}
rNeg    + . .      Spirit   .    C - +1 plate armour {rF+}
rPois   inf        Reflect  +    r - +2 hat {Int+3}
rElec   +          Harm     .    e - +0 cloak
rCorr   .          Rampage  .    E - +0 pair of gloves
Will    ++...                    b - +2 pair of boots
Stlth   ..........               y - amulet of reflection
HPRegen 0.34/turn                h - +4 ring of protection
MPRegen 0.18/turn                i - +4 ring of evasion

@: about to teleport, heroic, finesse-ful, under a protective aura, flying
A: sickness immunity, AC +16, big wings, negative energy resistance 1,
electricity resistance, torment resistance 1, petrification resistance, horns 1,
dopey 1, low MP 2, shaggy fur 1
}: 1/15 runes: serpentine
a: Renounce Religion, Heroism, Finesse, Duel


You were on level 4 of the Vaults.
You worshipped Okawaru.
Okawaru was extremely pleased with you.
You visited 7 branches of the dungeon, and saw 34 of its levels.

You collected 3907 gold pieces.
You spent 3317 gold pieces at shops.


Innate Abilities, Weirdness & Mutations

You are immune to sickness and miasma.
Your stone body is resilient. (AC +16)
You are immune to poison.
Your large and strong wings let you fly.
You resist negative energy. (rN+)
You are resistant to electric shocks. (rElec)
You are resistant to unholy torment.
You are immune to petrification.
You have a pair of small horns on your head.
You are dopey. (Int -2)
Your magical capacity is very low. (-20% MP)
You are covered in fur. (AC +1)


   Skills:
 - Level 19.0(24.0) Fighting
 - Level 18.0(23.0) Axes
 + Level 10.5(15.5) Throwing
 - Level 18.0(23.0) Armour
 - Level 5.0(10.0) Dodging
 - Level 20.0(25.0) Shields
 - Level 10.0 Invocations


You had 20 spell levels left.
You didn't know any spells.
Your spell library was empty.

Inventory:

Hand Weapons
 Y - a +7 broad axe of protection (weapon)
Missiles
 l - 6 silver boomerangs
 p - 12 javelins (quivered)
 s - 29 boomerangs
 u - 4 boomerangs of dispersal
 x - 4 silver javelins
Armour
 b - a +2 pair of boots (worn)
 e - a +0 cloak (worn)
 k - the +3 tower shield "Peunad" (worn) {rPois Will+ Int+4}
   (Okawaru gifted it to you on level 4 of the Lair of Beasts)

   Int:       It affects your intelligence (+4).
   rPois:     It protects you from poison.
   Will:      It increases your willpower.
 m - +0 acid dragon scales
 r - a +2 hat of intelligence (worn)
 C - a +1 plate armour of fire resistance (worn)
 D - a +2 tower shield of protection
 E - a +0 pair of gloves (worn)
 F - a scarf of harm
 G - a +4 scale mail of cold resistance
Jewellery
 a - a ring of resist corrosion
 h - a +4 ring of protection (left hand)
 i - a +4 ring of evasion (right hand)
 y - an amulet of reflection (around neck)
 z - a ring of ice
 A - a ring of ice
 B - a ring of resist corrosion
Scrolls
 o - 17 scrolls of identify
Potions
 c - 3 potions of lignification
 d - 11 potions of might
 f - 2 potions of cancellation
 g - 10 potions of attraction
 j - 5 potions of mutation
 q - 7 potions of haste
 t - a potion of resistance
 v - 14 potions of curing
 w - 3 potions of magic

Dungeon Overview and Level Annotations

Branches:
Dungeon (15/15)            Temple (1/1) D:4            Lair (5/5) D:10
 Shoals (3/4) Lair:2        Snake (4/4) Lair:3        Slime (0/5) Lair:5
    Orc (2/2) D:12            Elf (0/3) Orc:2        Vaults (4/5) D:13
  Crypt (0/3) Vaults:3     Depths (0/4) D:15

Altars:
Ashenzari
Cheibriados
Dithmenos
Elyvilon
Fedhas
Gozag
Hepliaklqana
Kikubaaqudgha
Makhleb
Nemelex Xobeh
Okawaru
Qazlal
Ru
Sif Muna
Trog
Uskayaw
Vehumet
Wu Jian
Xom
Yredelemnul
Zin
The Shining One
Jiyva

Shops:
D:3 =   D:15 =   Orc:2 [=*[(   Shoals:2 [!?!   Snake:4 :   Vaults:1 !

Portals:
Trove: D:11 (give +5 ice dragon scales)

Annotations:
D:12 2 transporters, Zirot's ghost, journeyman GrFi
D:14 2 transporters, Nomoas's ghost, journeyman GrFi
Lair:5 2 runed translucent doors
Shoals:2 6 transporters
Snake:1 1 runed translucent door


Message History

You hit the deep troll. Your headbutt misses the deep troll.
The deep troll is severely wounded.
You hit the deep troll. You slash the deep troll!
The deep troll is severely wounded.
You closely miss the deep troll. You hit the deep troll.
The deep troll is severely wounded.
You barely miss the deep troll. The ice encasing you melts away.
The deep troll bites you but does no damage.
You block the deep troll's attack. The deep troll completely misses you.
You slice the deep troll!! You headbutt the deep troll!
The deep troll is severely wounded.
You slash the frost giant! You slice the deep troll!!
You kill the deep troll!
Okawaru accepts your kill.
You barely miss the frost giant.
The ironbound frostheart calls freezing cold from the walls.
The frost grips you!
You are encased in ice.
You barely miss the frost giant.
You headbutt the frost giant, but do no damage.
The frost giant is lightly wounded.
You hit the frost giant but do no damage.
You headbutt the frost giant, but do no damage.
The frost giant is lightly wounded.
You slice the frost giant!!
You headbutt the frost giant, but do no damage.
The frost giant is moderately wounded.
The frost giant points at you and mumbles some strange words.
The bolt of cold hits you!!!
45678 ||| READING scroll of teleportation.
As you read the scroll of teleportation, it crumbles to dust.
You feel strangely unstable. The ice encasing you melts away.
The frost giant gestures at you while chanting.
The bolt of cold hits you!!
You die...

#.######..######.#..........
#................###########
###########'######
#.....^.#.....#
#.......#.....#
#.......#.....#
#.......#.....#
#......)#)....#
#######)#@....#
#.....cpC)....#
#.....#T####### #
#.....#pp.....# ...
#.....#p....p.#.....
#.....#c......c.....
#.....#.......#c....
#.....#..^....# ...
#####'###'##### .


You could see a frost giant, an ironbound frostheart, a deep troll, an ironbound
convoker (strong) and a yaktaur.

Vanquished Creatures
  Mara (Snake:3)
  Bai Suzhen (Snake:4)
  Vashnia (Snake:3)
  2 bone dragons
  Jorgrun (D:12)
  An eldritch tentacle (Vaults:1)
  Gastronok (D:8)
  A tengu reaver (Vaults:3)
  4 nagarajas (Snake:4)
  Ilsuiw (Shoals:3)
  A fire giant (D:15)
  A frost giant (Vaults:4)
  10 vault wardens
  Aizul (Shoals:3)
  A quicksilver ooze (Lair:4)
  3 orc warlords
  3 war gargoyles
  14 ironbound preservers
  2 very ugly things (Vaults:4)
  8 ironbound thunderhulks
  A deep elf demonologist (Vaults:3)
  12 dire elephants
  An ettin (Vaults:3)
  3 merfolk impalers
  3 crystal guardians (Vaults:2)
  Josephine (Shoals:1)
  An entropy weaver (Vaults:1)
  2 merfolk javelineers
  A deep elf death mage (Vaults:3)
  12 yaktaur captains
  A deep elf high priest (Vaults:3)
  A fire dragon (Lair:4)
  5 hydras
  2 salamander tyrants (Snake:4)
  2 great orbs of eyes
  A quicksilver dragon skeleton (Vaults:1)
  6 peacekeepers
  3 ogre magi
  3 satyrs
  13 ironbound frosthearts
  2 alligator snapping turtles
  9 vault guards
  A merfolk avatar (Shoals:2)
  A merfolk aquamancer (Shoals:2)
  13 anacondas
  2 catoblepae
  3 ghost crabs (Vaults:1)
  9 two-headed ogres
  22 centaur warriors
  9 death yaks
  4 shock serpents
  9 boulder beetles
  14 naga warriors
  3 tengu warriors
  14 naga sharpshooters
  5 orc high priests
  2 fire crabs
  A salamander mystic (Snake:4)
  Amaemon (Lair:1)
  A skeletal warrior (D:13)
  2 glowing orange brains
  2 sea snakes (Shoals:2)
  40 deep trolls
  8 naga ritualists
  A spriggan simulacrum (Vaults:1)
  A deep elf archer (Vaults:3)
  13 ironbound convokers
  5 deep elf pyromancers
  3 wizards
  2 necromancers
  18 lindwurms
  20 harpies
  A harpy (shapeshifter) (D:15)
  7 orc knights
  A golden dragon skeleton (Vaults:1)
  5 oklob plants
  A wolf spider (shapeshifter) (Vaults:3)
  2 deep elf zephyrmancers (Vaults:3)
  11 mana vipers
  20 ugly things
  A sphinx skeleton (Vaults:1)
  7 salamanders
  11 fauns
  10 manticores
  A human zombie (Vaults:2)
  5 orc sorcerers
  7 cyclopes
  5 merfolk sirens
  21 naga magi
  17 vault sentinels
  38 black mambas
  A water nymph (Shoals:1)
  28 elephants
  A black mamba (shapeshifter) (D:13)
  11 guardian serpents
  4 molten gargoyles
  A titan simulacrum (Vaults:1)
  An orange demon (Lair:1)
  4 centaur skeletons (D:13)
  2 gargoyles
  Maggie (D:8)
  9 cane toads
  An efreet (D:13)
  2 yaktaur zombies (Vaults:2)
  3 kobold demonologists (D:10)
  2 freezing wraiths
  11 komodo dragons
  7 rime drakes
  24 yaktaurs
  2 meliai (Lair:3)
  6 trolls
  2 wind drakes
  A polar bear (Lair:2)
  A queen bee (Lair:3)
  22 merfolk
  A tarantella (Vaults:1)
  26 slime creatures
  Grinder (D:3)
  3 snapping turtles
  16 blink frogs
  A shadow dragon simulacrum (Vaults:1)
  A frost giant simulacrum (Vaults:2)
  3 jumping spiders (Vaults:1)
  Sigmund (D:3)
  A vampire (D:11)
  6 wraiths
  10 wyverns
  A shadow (D:10)
  An elf simulacrum (Vaults:2)
  Grum (D:11)
  52 yaks
  5 water elementals
  16 basilisks
  2 fire elementals
  4 vampire mosquitoes (D:15)
  4 steam dragons
  Eustachio (D:3)
  54 nagas
  A swamp worm (shapeshifter) (Vaults:3)
  4 wargs
  6 water moccasins
  2 spatial vortices (Vaults:1)
  3 small abominations (Vaults:1)
  3 hell hounds (Lair:5)
  4 sky beasts
  An ice beast (D:6)
  37 orc warriors
  8 ogres
  A black bear (D:6)
  7 boggarts
  13 wolves
  10 centaurs
  2 phantoms
  14 bullfrogs
  7 kobold brigands
  A necrophage (D:4)
  4 scorpions
  14 wights
  38 killer bees
  9 electric eels
  2 howler monkeys (D:10)
  A crimson imp (D:6)
  8 lava snakes
  6 hounds
  5 jellies
  26 orc priests
  2 iguanas
  29 orc wizards
  Natasha (twice) (D:2)
  Robin (D:4)
  9 adders
  4 river rats
  A shadow imp (D:7)
  2 ufetubi
  A worm (D:4)
  3 dart slugs
  84 orcs
  6 ball pythons
  6 endoplasms
  2 giant cockroaches
  10 goblins
  12 hobgoblins
  4 jackals (D:2)
  22 kobolds
  11 quokkas
  4 bats
  4 frilled lizards
  5 rats
  A spectral hobgoblin (D:12)
1363 creatures vanquished.

Vanquished Creatures (others)
  A nagaraja (Snake:4)
  An ogre mage (Vaults:1)
  An ironbound convoker (Vaults:3)
  A wizard (Vaults:1)
  A black mamba (Snake:4)
  A fire elemental (Vaults:1)
  28 fungi
  111 plants
145 creatures vanquished.

Grand Total: 1508 creatures vanquished

Notes
Turn   | Place    | Note
-------+----------+-------------------------------------------
     0 | D:1      | qw the Gargoyle Fighter began the quest for the Orb.
     0 | D:1      | Reached XP level 1. HP: 14/14 MP: 1/1
     0 | D:1      | 0 ||| qw: Version: 0.2-a-10-g37ed214
     0 | D:1      | 0 ||| qw: Game counter: 674
     0 | D:1      | 0 ||| qw: Always use a shield: true
     0 | D:1      | 0 ||| qw: God list: Okawaru
     0 | D:1      | 0 ||| qw: Allow faded altars: false
     0 | D:1      | 0 ||| qw: Do Orc after D:15 true
     0 | D:1      | 0 ||| qw: Do second Lair branch before Depths: true
     0 | D:1      | 0 ||| qw: Lair rune preference: random
     0 | D:1      | 0 ||| qw: Plans: Normal, Zot:1-4, God:TSO, Crypt, Tomb,
                  | Pan, Slime:5, Hells, Abyss, Orb
     0 | D:1      | 0 ||| PLANNING D:1-11
   380 | D:1      | Reached XP level 2. HP: 17/19 MP: 2/2
   737 | D:1      | 737 ||| READING scroll labelled ZUPLICZU YWOIS.
   855 | D:2      | Reached skill level 3 in Axes
   973 | D:2      | Reached XP level 3. HP: 23/23 MP: 3/3
   994 | D:2      | 994 ||| Stepping ~*~*~tactically~*~*~ (stealth).
  1047 | D:2      | 1047 ||| Stepping ~*~*~tactically~*~*~ (hiding).
  1099 | D:2      | 1099 ||| Stepping ~*~*~tactically~*~*~ (stealth).
  1312 | D:2      | Noticed Natasha
  1313 | D:2      | 1313 ||| Stepping ~*~*~tactically~*~*~ (hiding).
  1318 | D:2      | Killed Natasha
  1319 | D:2      | Reached XP level 4. HP: 28/28 MP: 4/4
  1425 | D:2      | You fall into a shaft and drop 2 floors!
  1550 | D:4      | 1550 ||| READING scroll labelled VODUGA KAMIYTZ.
  1554 | D:4      | Found a staircase to the Ecumenical Temple.
  1555 | D:4      | 1555 ||| PLANNING TEMPLE
  1559 | D:4      | 1559 ||| READING scroll labelled JATAYNE LERRI.
  1560 | D:4      | 1560 ||| READING scroll labelled WOAFE LESIN.
  1561 | D:4      | 1561 ||| DRINKING 2 golden potions.
  1593 | D:4      | Noticed Robin
  1594 | D:4      | 1594 ||| Stepping ~*~*~tactically~*~*~ (stealth).
  1603 | D:4      | Killed Robin
  1688 | D:4      | 1688 ||| DROPPING +0 whip.
  1869 | D:4      | Found a sparkling altar of Nemelex Xobeh.
  1870 | D:4      | 1870 ||| UPGRADING to +0 helmet.
  1875 | D:4      | 1875 ||| UPGRADING to +4 ring of protection.
  1876 | D:4      | 1876 ||| DRINKING 2 inky potions.
  1963 | D:4      | Found a hide-covered altar of Uskayaw.
  1990 | D:4      | 1990 ||| READING scroll labelled SAUMAR TAOSUI.
  2032 | D:4      | Reached XP level 5. HP: 23/32 MP: 5/5
  2134 | D:4      | Noticed Eustachio
  2146 | D:4      | 2146 ||| FLEEEEING.
  2147 | D:4      | 2147 ||| FLEEEEING.
  2148 | D:4      | 2148 ||| FLEEEEING.
  2150 | D:4      | 2150 ||| FLEEEEING.
  2152 | D:4      | 2152 ||| FLEEEEING.
  2153 | D:4      | 2153 ||| FLEEEEING.
  2154 | D:4      | 2154 ||| FLEEEEING.
  2155 | D:4      | 2155 ||| FLEEEEING.
  2160 | D:4      | 2160 ||| FLEEEEING.
  2161 | D:4      | 2161 ||| FLEEEEING.
  2166 | D:4      | 2166 ||| STAIRDANCE
  2204 | D:3      | 2204 ||| READING scroll labelled ELUBLIRI XIPH.
  2207 | D:4      | 2207 ||| STAIRDANCE
  2235 | D:3      | 2235 ||| Stepping ~*~*~tactically~*~*~ (stealth).
  2236 | D:3      | 2236 ||| Stepping ~*~*~tactically~*~*~ (stealth).
  2241 | D:3      | 2241 ||| Stepping ~*~*~tactically~*~*~ (stealth).
  2252 | D:4      | 2252 ||| STAIRDANCE
  2261 | D:3      | Killed Eustachio
  2262 | D:3      | Reached XP level 6. HP: 24/37 MP: 6/6
  2367 | D:4      | 2367 ||| STAIRDANCE
  2371 | D:4      | 2371 ||| STAIRDANCE
  2375 | D:4      | 2375 ||| STAIRDANCE
  2379 | D:4      | 2379 ||| STAIRDANCE
  2383 | D:4      | 2383 ||| STAIRDANCE
  2387 | D:4      | 2387 ||| STAIRDANCE
  2391 | D:4      | 2391 ||| STAIRDANCE
  2395 | D:4      | 2395 ||| STAIRDANCE
  2399 | D:4      | 2399 ||| STAIRDANCE
  2403 | D:4      | 2403 ||| STAIRDANCE
  2407 | D:4      | 2407 ||| STAIRDANCE
  2411 | D:4      | 2411 ||| STAIRDANCE
  2415 | D:4      | 2415 ||| STAIRDANCE
  2419 | D:4      | 2419 ||| STAIRDANCE
  2423 | D:4      | 2423 ||| STAIRDANCE
  2427 | D:4      | 2427 ||| STAIRDANCE
  2431 | D:4      | 2431 ||| STAIRDANCE
  2526 | D:4      | 2526 ||| READING scroll labelled IMMEASITAA.
  2700 | D:4      | Identified the +2 robe of Kleptomania {Regen+}
  2834 | D:4      | 2834 ||| Stepping ~*~*~tactically~*~*~ (stealth).
  2836 | D:4      | 2836 ||| Stepping ~*~*~tactically~*~*~ (stealth).
  3065 | D:4      | Found a radiant altar of Vehumet.
  3066 | D:4      | 3066 ||| UPGRADING to amulet of guardian spirit.
  3092 | D:4      | Reached skill level 1 in Dodging
  3301 | Temple   | Entered the Ecumenical Temple
  3442 | Temple   | 3442 ||| PLANNING D:1-11
  3525 | D:2      | Noticed Natasha
  3526 | D:2      | 3526 ||| Stepping ~*~*~tactically~*~*~ (stealth).
  3528 | D:2      | 3528 ||| Stepping ~*~*~tactically~*~*~ (hiding).
  3532 | D:2      | Killed Natasha
  3533 | D:2      | Reached XP level 7. HP: 44/44 MP: 7/7
  3672 | D:2      | Reached skill level 6 in Axes
  4033 | D:2      | 4033 ||| UPGRADING to +0 plate armour.
  4043 | D:2      | 4043 ||| DROPPING +0 scale mail.
  4044 | D:2      | 4044 ||| DRINKING 2 smoky coppery potions.
  4044 | D:2      | Gained mutation: You are covered in fur. (AC +1) [potion of
                  | mutation]
  4044 | D:2      | Gained mutation: Your magical capacity is low. (-10% MP)
                  | [potion of mutation]
  4044 | D:2      | Gained mutation: You have a pair of small horns on your
                  | head. [potion of mutation]
  4045 | D:2      | 4045 ||| DROPPING +0 helmet.
  4129 | D:3      | Noticed Sigmund
  4130 | D:3      | 4130 ||| Stepping ~*~*~tactically~*~*~ (hiding).
  4141 | D:3      | 4141 ||| Stepping ~*~*~tactically~*~*~ (stealth).
  4177 | D:3      | Killed Sigmund
  4259 | D:3      | 4259 ||| Stepping ~*~*~tactically~*~*~ (hiding).
  4373 | D:3      | Found Hakieddec's One-of-a-Kind Rings.
  4383 | D:3      | 4383 ||| BUYING +1 ring of evasion (33 gold).
  4383 | D:3      | Bought a +1 ring of evasion for 33 gold pieces
  4383 | D:3      | 4383 ||| SHOPLISTING +7 ring of dexterity (495 gold, have
                  | 247).
  4383 | D:3      | 4383 ||| SHOPLISTING ring "Fyto" {Ice rN+} (398 gold, have
                  | 247).
  4383 | D:3      | 4383 ||| SHOPLISTING ring "Nufud" {rPois rC- rN+ Str+6}
                  | (488 gold, have 247).
  4383 | D:3      | 4383 ||| SHOPLISTING ring of Foph {Will++ AC+3} (462 gold,
                  | have 247).
  4429 | D:3      | Noticed Grinder
  4439 | D:3      | Paralysed by Grinder for 3 turns
  4446 | D:3      | Paralysed by Grinder for 5 turns
  4454 | D:3      | Paralysed by Grinder for 5 turns
  4459 | D:3      | Killed Grinder
  4477 | D:3      | 4477 ||| Stepping ~*~*~tactically~*~*~ (stealth).
  4485 | D:3      | 4485 ||| Stepping ~*~*~tactically~*~*~ (stealth).
  4599 | D:3      | Found a faded altar of an unknown god.
  4687 | D:3      | Found a snail-covered altar of Cheibriados.
  4809 | D:3      | Found a white marble altar of Elyvilon.
  4853 | D:3      | Found a broken altar of Ashenzari.
  5067 | D:3      | 5067 ||| UPGRADING to +0 pair of boots.
  5072 | D:3      | 5072 ||| UPGRADING to +1 ring of evasion.
  5073 | D:3      | 5073 ||| READING scroll labelled NUFRIC ZUUMU.
  5074 | D:3      | 5074 ||| DRINKING 2 cyan potions.
  5075 | D:3      | 5075 ||| READING 2 scrolls of identify.
  5075 | D:3      | 5075 ||| IDENTIFYING silvery potion
  5076 | D:3      | 5076 ||| DROPPING potion of flight.
  5332 | D:5      | Entered Level 5 of the Dungeon
  5391 | D:5      | Reached XP level 8. HP: 36/48 MP: 5/7
  5568 | D:5      | 5568 ||| DROPPING +1 mace of draining.
  6123 | D:5      | 6123 ||| Stepping ~*~*~tactically~*~*~ (hiding).
  6125 | D:5      | 6125 ||| Stepping ~*~*~tactically~*~*~ (hiding).
  6364 | D:5      | 6364 ||| READING scroll labelled AROELE UFAAXIUSM.
  6365 | D:5      | 6365 ||| READING scroll labelled ZESHRU ZYSMUG.
  6366 | D:5      | 6366 ||| DRINKING 2 smoky silvery potions.
  6367 | D:5      | 6367 ||| READING 2 scrolls of identify.
  6367 | D:5      | 6367 ||| IDENTIFYING bubbling puce potion
  6368 | D:5      | 6368 ||| DROPPING potion of magic.
  6451 | D:6      | Found an iron altar of Okawaru.
  6474 | D:6      | 6474 ||| PLANNING OKAWARU WORSHIP
  6474 | D:6      | 6474 ||| READING 2 scrolls of identify.
  6474 | D:6      | 6474 ||| IDENTIFYING orange potion
  6475 | D:6      | 6475 ||| DROPPING potion of brilliance.
  6478 | D:6      | Became a worshipper of Warmaster Okawaru
  6479 | D:6      | 6479 ||| PLANNING D:1-11
  6479 | D:6      | 6479 ||| REMOVING amulet of guardian spirit.
  6526 | D:6      | Found a burning altar of Makhleb.
  6528 | D:6      | 6528 ||| Stepping ~*~*~tactically~*~*~ (hiding).
  6583 | D:6      | Reached skill level 6 in Fighting
  7071 | D:6      | Reached XP level 9. HP: 54/55 MP: 8/8
  7100 | D:6      | 7100 ||| DROPPING amulet of guardian spirit.
  7101 | D:6      | 7101 ||| READING scroll labelled IKHLIE CUEMM.
  7102 | D:6      | 7102 ||| READING scroll labelled WEILLOVVUA.
  7118 | D:7      | 7118 ||| STAIRDANCE
  7120 | D:7      | 7120 ||| STAIRDANCE
  7130 | D:6      | Reached * piety under Okawaru
  7201 | D:7      | 7201 ||| STAIRDANCE
  7203 | D:6      | 7203 ||| INVOKING Heroism.
  7372 | D:7      | 7372 ||| STAIRDANCE
  7379 | D:6      | Reached skill level 1 in Invocations
  7380 | D:6      | Reached skill level 9 in Axes
  7409 | D:7      | 7409 ||| INVOKING Heroism.
  7510 | D:7      | Reached skill level 4 in Shields
  7560 | D:7      | Reached skill level 3 in Invocations
  7609 | D:7      | 7609 ||| INVOKING Heroism.
  7910 | D:7      | 7910 ||| INVOKING Heroism.
  8007 | D:7      | 8007 ||| INVOKING Heroism.
  8059 | D:7      | 8059 ||| READING scroll labelled DOFUNAB DICA.
  8060 | D:7      | 8060 ||| READING 3 scrolls labelled RUKKIM WOELASA.
  8061 | D:7      | 8061 ||| READING 2 scrolls of brand weapon.
  8061 | D:7      | 8061 ||| BRANDING +1 war axe of chaos.
  8079 | D:8      | 8079 ||| INVOKING Heroism.
  8085 | D:8      | 8085 ||| Stepping ~*~*~tactically~*~*~ (cloud).
  8147 | D:8      | Found a hazy altar of Hepliaklqana.
  8209 | D:8      | Noticed Maggie
  8215 | D:8      | Killed Maggie
  8216 | D:8      | Reached skill level 6 in Armour
  8284 | D:8      | 8284 ||| DROPPING +0 flail.
  8437 | D:8      | 8437 ||| INVOKING Heroism.
  8443 | D:8      | Reached ** piety under Okawaru
  8456 | D:8      | Reached XP level 10. HP: 56/63 MP: 11/11
  8622 | D:8      | 8622 ||| Stepping ~*~*~tactically~*~*~ (hiding).
  8667 | D:8      | 8667 ||| Stepping ~*~*~tactically~*~*~ (hiding).
  8823 | D:8      | 8823 ||| Stepping ~*~*~tactically~*~*~ (hiding).
  8861 | D:8      | Noticed Gastronok
  8862 | D:8      | 8862 ||| INVOKING Heroism.
  8864 | D:8      | Found an ornate altar of the Wu Jian Council.
  8871 | D:8      | Killed Gastronok
  8872 | D:8      | Reached skill level 9 in Fighting
  9270 | D:8      | 9270 ||| READING scroll labelled PINKIC IMOIZ.
  9431 | D:9      | 9431 ||| Stepping ~*~*~tactically~*~*~ (stealth).
  9432 | D:9      | 9432 ||| Stepping ~*~*~tactically~*~*~ (stealth).
  9493 | D:9      | Reached *** piety under Okawaru
  9494 | D:9      | Reached skill level 5 in Shields
  9500 | D:9      | 9500 ||| INVOKING Heroism.
  9502 | D:9      | 9502 ||| Stepping ~*~*~tactically~*~*~ (hiding).
  9507 | D:9      | 9507 ||| Stepping ~*~*~tactically~*~*~ (hiding).
  9563 | D:9      | 9563 ||| INVOKING Heroism.
  9694 | D:9      | 9694 ||| READING scroll of enchant weapon.
  9694 | D:9      | 9694 ||| ENCHANTING +1 spectral war axe.
  9774 | D:9      | Found a sacrificial altar of Ru.
  9776 | D:9      | 9776 ||| Stepping ~*~*~tactically~*~*~ (stealth).
  9777 | D:9      | 9777 ||| Stepping ~*~*~tactically~*~*~ (stealth).
  9779 | D:9      | 9779 ||| Stepping ~*~*~tactically~*~*~ (hiding).
  9780 | D:9      | 9780 ||| Stepping ~*~*~tactically~*~*~ (hiding).
 10175 | D:10     | Entered Level 10 of the Dungeon
 10194 | D:10     | Found a shimmering altar of Xom.
 10214 | D:10     | Found a staircase to the Lair.
 10214 | D:10     | Noticed a death yak
 10215 | D:10     | 10215 ||| Stepping ~*~*~tactically~*~*~ (stealth).
 10216 | D:10     | 10216 ||| INVOKING Heroism.
 10216 | D:10     | Noticed a kobold demonologist
 10221 | D:10     | Noticed a death yak
 10223 | D:10     | Noticed a kobold demonologist
 10223 | D:10     | Noticed a death yak
 10228 | D:10     | Noticed a sixfirhy
 10236 | D:10     | Noticed a sun demon
 10237 | D:10     | Killed a death yak
 10238 | D:10     | Killed a kobold demonologist
 10239 | D:10     | Reached XP level 11. HP: 33/71 MP: 12/12
 10244 | D:10     | Received a gift from Okawaru
 10246 | D:10     | HP: 13/71 [death yak (11)]
 10247 | D:10     | 10247 ||| READING scroll of teleportation.
 10248 | D:10     | 10248 ||| DRINKING 3 potions of heal wounds.
 10251 | D:10     | 10251 ||| INVOKING Heroism.
 10256 | D:10     | 10256 ||| Stepping ~*~*~tactically~*~*~ (hiding).
 10281 | D:10     | 10281 ||| INVOKING Heroism.
 10294 | D:10     | 10294 ||| FLEEEEING.
 10297 | D:10     | 10297 ||| FLEEEEING.
 10301 | D:10     | Killed a death yak
 10301 | D:10     | Reached **** piety under Okawaru
 10302 | D:10     | HP: 8/71 [death yak (19)]
 10303 | D:10     | 10303 ||| DRINKING 2 potions of heal wounds.
 10309 | D:10     | 10309 ||| INVOKING Heroism.
 10312 | D:10     | Killed a death yak
 10583 | D:10     | 10583 ||| INVOKING Heroism.
 10602 | D:10     | 10602 ||| INVOKING Heroism.
 10629 | D:10     | 10629 ||| INVOKING Heroism.
 10639 | D:10     | Reached skill level 1 in Throwing
 10653 | D:10     | 10653 ||| INVOKING Heroism.
 10722 | D:10     | 10722 ||| Stepping ~*~*~tactically~*~*~ (stealth).
 10723 | D:10     | 10723 ||| Stepping ~*~*~tactically~*~*~ (stealth).
 10724 | D:10     | 10724 ||| Stepping ~*~*~tactically~*~*~ (stealth).
 10725 | D:10     | 10725 ||| Stepping ~*~*~tactically~*~*~ (stealth).
 10742 | D:10     | 10742 ||| Stepping ~*~*~tactically~*~*~ (stealth).
 10746 | D:10     | 10746 ||| Stepping ~*~*~tactically~*~*~ (stealth).
 10751 | D:10     | 10751 ||| Stepping ~*~*~tactically~*~*~ (stealth).
 10753 | D:10     | 10753 ||| Stepping ~*~*~tactically~*~*~ (stealth).
 10755 | D:10     | 10755 ||| INVOKING Heroism.
 10784 | D:10     | 10784 ||| Stepping ~*~*~tactically~*~*~ (stealth).
 10788 | D:10     | 10788 ||| Stepping ~*~*~tactically~*~*~ (stealth).
 10790 | D:10     | 10790 ||| INVOKING Heroism.
 10845 | D:10     | Found a blossoming altar of Fedhas.
 10854 | D:10     | 10854 ||| INVOKING Heroism.
 10974 | D:10     | Found a bloodstained altar of Trog.
 10988 | D:10     | 10988 ||| INVOKING Heroism.
 11102 | D:10     | 11102 ||| Stepping ~*~*~tactically~*~*~ (stealth).
 11104 | D:10     | 11104 ||| Stepping ~*~*~tactically~*~*~ (hiding).
 11110 | D:10     | 11110 ||| INVOKING Heroism.
 11157 | D:10     | Noticed a centaur warrior
 11163 | D:10     | 11163 ||| INVOKING Heroism.
 11166 | D:10     | Killed a centaur warrior
 11167 | D:10     | Reached skill level 6 in Invocations
 11320 | D:10     | 11320 ||| PLANNING LAIR
 11320 | D:10     | 11320 ||| READING 3 scrolls of identify.
 11320 | D:10     | 11320 ||| IDENTIFYING metallic sapphire potion
 11321 | D:10     | 11321 ||| READING 2 scrolls of identify.
 11321 | D:10     | 11321 ||| IDENTIFYING clear potion
 11322 | D:10     | 11322 ||| DROPPING potion of degeneration.
 11323 | D:10     | 11323 ||| DROPPING potion of ambrosia.
 11350 | Lair:1   | Entered Level 1 of the Lair of Beasts
 11377 | Lair:1   | 11377 ||| INVOKING Heroism.
 11383 | Lair:1   | Reached skill level 12 in Axes
 11433 | Lair:1   | 11433 ||| Stepping ~*~*~tactically~*~*~ (stealth).
 11499 | Lair:1   | 11499 ||| READING scroll of enchant armour.
 11499 | Lair:1   | 11499 ||| ENCHANTING +0 pair of boots.
 11515 | Lair:1   | 11515 ||| Stepping ~*~*~tactically~*~*~ (hiding).
 11582 | Lair:1   | 11582 ||| Stepping ~*~*~tactically~*~*~ (hiding).
 11584 | Lair:1   | 11584 ||| Stepping ~*~*~tactically~*~*~ (hiding).
 11780 | Lair:1   | 11780 ||| INVOKING Heroism.
 11862 | Lair:1   | Noticed Amaemon
 11862 | Lair:1   | 11862 ||| Stepping ~*~*~tactically~*~*~ (stealth).
 11863 | Lair:1   | 11863 ||| Stepping ~*~*~tactically~*~*~ (hiding).
 11864 | Lair:1   | 11864 ||| Stepping ~*~*~tactically~*~*~ (stealth).
 11868 | Lair:1   | 11868 ||| INVOKING Heroism.
 11872 | Lair:1   | Reached skill level 3 in Throwing
 11879 | Lair:1   | Killed Amaemon
 11879 | Lair:1   | Reached ***** piety under Okawaru
 11887 | Lair:1   | Reached XP level 12. HP: 60/76 MP: 14/16
 11994 | Lair:1   | 11994 ||| Stepping ~*~*~tactically~*~*~ (hiding).
 12085 | Lair:1   | 12085 ||| Stepping ~*~*~tactically~*~*~ (hiding).
 12290 | Lair:1   | 12290 ||| Stepping ~*~*~tactically~*~*~ (hiding).
 12291 | Lair:1   | 12291 ||| Stepping ~*~*~tactically~*~*~ (hiding).
 12446 | Lair:1   | 12446 ||| DROPPING ring of positive energy.
 12447 | Lair:1   | 12447 ||| DRINKING 2 puce potions.
 12482 | Lair:2   | 12482 ||| INVOKING Heroism.
 12485 | Lair:2   | 12485 ||| STAIRDANCE
 12497 | Lair:2   | 12497 ||| STAIRDANCE
 12748 | Lair:2   | 12748 ||| READING scroll of enchant weapon.
 12748 | Lair:2   | 12748 ||| ENCHANTING +2 spectral war axe.
 12773 | Lair:2   | 12773 ||| Stepping ~*~*~tactically~*~*~ (stealth).
 12774 | Lair:2   | 12774 ||| INVOKING Heroism.
 12775 | Lair:2   | Noticed a four-headed hydra
 12776 | Lair:2   | Reached skill level 6 in Shields
 12776 | Lair:2   | 12776 ||| INVOKING Finesse.
 12783 | Lair:2   | 12783 ||| SWAPPING to +3 morningstar of protection.
 12789 | Lair:2   | Killed a four-headed hydra
 12789 | Lair:2   | Identified the +1 hat of the Griffon {Rampage} (Okawaru
                  | gifted it to you on level 2 of the Lair of Beasts)
 12789 | Lair:2   | Received a gift from Okawaru
 12790 | Lair:2   | Reached skill level 9 in Invocations
 12790 | Lair:2   | 12790 ||| SWAPPING to +3 spectral war axe.
 12869 | Lair:2   | 12869 ||| Stepping ~*~*~tactically~*~*~ (stealth).
 12952 | Lair:2   | Noticed a five-headed hydra
 12953 | Lair:2   | 12953 ||| INVOKING Heroism.
 12954 | Lair:2   | 12954 ||| INVOKING Finesse.
 12957 | Lair:2   | 12957 ||| SWAPPING to +3 morningstar of protection.
 12963 | Lair:2   | Killed a five-headed hydra
 12964 | Lair:2   | 12964 ||| SWAPPING to +3 spectral war axe.
 13022 | Lair:2   | 13022 ||| INVOKING Heroism.
 13197 | Lair:2   | 13197 ||| Stepping ~*~*~tactically~*~*~ (hiding).
 13201 | Lair:2   | 13201 ||| INVOKING Heroism.
 13301 | Lair:2   | 13301 ||| INVOKING Heroism.
 13498 | Lair:2   | Found a staircase to the Shoals.
 13781 | Lair:2   | 13781 ||| UPGRADING to +1 hat of the Griffon {Rampage}.
 13806 | Lair:3   | 13806 ||| INVOKING Heroism.
 13807 | Lair:3   | 13807 ||| STAIRDANCE
 13822 | Lair:3   | 13822 ||| STAIRDANCE
 13824 | Lair:2   | 13824 ||| INVOKING Heroism.
 13995 | Lair:3   | 13995 ||| READING scroll of enchant weapon.
 13995 | Lair:3   | 13995 ||| ENCHANTING +3 spectral war axe.
 14140 | Lair:3   | Found a staircase to the Snake Pit.
 14141 | Lair:3   | 14141 ||| Stepping ~*~*~tactically~*~*~ (hiding).
 14279 | Lair:3   | 14279 ||| Stepping ~*~*~tactically~*~*~ (stealth).
 14282 | Lair:3   | Reached XP level 13. HP: 82/82 MP: 18/18
 14364 | Lair:3   | 14364 ||| Stepping ~*~*~tactically~*~*~ (stealth).
 14370 | Lair:3   | 14370 ||| INVOKING Heroism.
 14375 | Lair:3   | Reached skill level 9 in Armour
 14558 | Lair:3   | 14558 ||| Stepping ~*~*~tactically~*~*~ (stealth).
 14561 | Lair:3   | 14561 ||| Stepping ~*~*~tactically~*~*~ (stealth).
 14592 | Lair:3   | Received a gift from Okawaru
 14594 | Lair:3   | 14594 ||| SWAPPING to +1 broad axe of freezing.
 14595 | Lair:3   | 14595 ||| DROPPING +4 spectral war axe.
 14596 | Lair:3   | 14596 ||| READING scroll of brand weapon.
 14596 | Lair:3   | 14596 ||| BRANDING +1 broad axe of freezing.
 14599 | Lair:3   | 14599 ||| Stepping ~*~*~tactically~*~*~ (stealth).
 14626 | Lair:3   | 14626 ||| Stepping ~*~*~tactically~*~*~ (stealth).
 14628 | Lair:3   | 14628 ||| Stepping ~*~*~tactically~*~*~ (stealth).
 14630 | Lair:3   | 14630 ||| INVOKING Heroism.
 14650 | Lair:3   | 14650 ||| Stepping ~*~*~tactically~*~*~ (stealth).
 14675 | Lair:3   | HP: 17/82 [rime drake/flash freeze (17)]
 14676 | Lair:3   | 14676 ||| DRINKING potion of heal wounds.
 14691 | Lair:3   | 14691 ||| INVOKING Heroism.
 14727 | Lair:3   | 14727 ||| Stepping ~*~*~tactically~*~*~ (stealth).
 14732 | Lair:3   | 14732 ||| INVOKING Heroism.
 14774 | Lair:3   | 14774 ||| Stepping ~*~*~tactically~*~*~ (stealth).
 14777 | Lair:3   | 14777 ||| INVOKING Heroism.
 14838 | Lair:3   | 14838 ||| FLEEEEING.
 14839 | Lair:3   | 14839 ||| FLEEEEING.
 14840 | Lair:3   | 14840 ||| FLEEEEING.
 14841 | Lair:3   | 14841 ||| FLEEEEING.
 14843 | Lair:3   | 14843 ||| FLEEEEING.
 14845 | Lair:3   | 14845 ||| FLEEEEING.
 14846 | Lair:3   | 14846 ||| FLEEEEING.
 14847 | Lair:3   | 14847 ||| FLEEEEING.
 14848 | Lair:3   | 14848 ||| FLEEEEING.
 14849 | Lair:3   | 14849 ||| FLEEEEING.
 14850 | Lair:3   | 14850 ||| FLEEEEING.
 14851 | Lair:3   | 14851 ||| FLEEEEING.
 14852 | Lair:3   | 14852 ||| FLEEEEING.
 14853 | Lair:3   | 14853 ||| FLEEEEING.
 14854 | Lair:3   | 14854 ||| FLEEEEING.
 14855 | Lair:3   | 14855 ||| FLEEEEING.
 14856 | Lair:3   | 14856 ||| FLEEEEING.
 14857 | Lair:3   | 14857 ||| FLEEEEING.
 14858 | Lair:3   | 14858 ||| FLEEEEING.
 14859 | Lair:3   | 14859 ||| FLEEEEING.
 14860 | Lair:3   | 14860 ||| FLEEEEING.
 14862 | Lair:3   | 14862 ||| FLEEEEING.
 14863 | Lair:3   | 14863 ||| FLEEEEING.
 14864 | Lair:3   | 14864 ||| FLEEEEING.
 14874 | Lair:3   | 14874 ||| INVOKING Heroism.
 15027 | Lair:3   | 15027 ||| Stepping ~*~*~tactically~*~*~ (stealth).
 15029 | Lair:3   | 15029 ||| Stepping ~*~*~tactically~*~*~ (stealth).
 15033 | Lair:3   | 15033 ||| Stepping ~*~*~tactically~*~*~ (stealth).
 15037 | Lair:3   | 15037 ||| INVOKING Heroism.
 15148 | Lair:3   | Found a blossoming altar of Fedhas.
 15152 | Lair:3   | 15152 ||| INVOKING Heroism.
 15153 | Lair:3   | 15153 ||| INVOKING Finesse.
 15459 | Lair:3   | 15459 ||| DROPPING +3 morningstar of protection.
 15486 | Lair:3   | 15486 ||| Stepping ~*~*~tactically~*~*~ (stealth).
 15488 | Lair:3   | 15488 ||| Stepping ~*~*~tactically~*~*~ (hiding).
 15490 | Lair:3   | 15490 ||| INVOKING Heroism.
 15652 | Lair:3   | 15652 ||| READING 2 scrolls of identify.
 15652 | Lair:3   | 15652 ||| IDENTIFYING metallic emerald potion
 15653 | Lair:3   | 15653 ||| DROPPING potion of berserk rage.
 15731 | Lair:4   | 15731 ||| INVOKING Heroism.
 15732 | Lair:4   | 15732 ||| SWAPPING to +0 eveningstar.
 15733 | Lair:4   | 15733 ||| INVOKING Finesse.
 15745 | Lair:4   | 15745 ||| SWAPPING to +1 broad axe of protection.
 15802 | Lair:4   | Found a frozen archway.
 15810 | Lair:4   | 15810 ||| INVOKING Heroism.
 16093 | Lair:4   | 16093 ||| Stepping ~*~*~tactically~*~*~ (hiding).
 16101 | Lair:4   | Received a gift from Okawaru
 16221 | Lair:4   | 16221 ||| Stepping ~*~*~tactically~*~*~ (hiding).
 16222 | Lair:4   | 16222 ||| INVOKING Heroism.
 16225 | Lair:4   | 16225 ||| INVOKING Finesse.
 16232 | Lair:4   | Reached skill level 7 in Shields
 16287 | Lair:4   | 16287 ||| Stepping ~*~*~tactically~*~*~ (stealth).
 16291 | Lair:4   | 16291 ||| Stepping ~*~*~tactically~*~*~ (stealth).
 16296 | Lair:4   | 16296 ||| Stepping ~*~*~tactically~*~*~ (stealth).
 16297 | Lair:4   | 16297 ||| Stepping ~*~*~tactically~*~*~ (stealth).
 16373 | Lair:4   | 16373 ||| INVOKING Heroism.
 16374 | Lair:4   | 16374 ||| INVOKING Finesse.
 16391 | Lair:4   | 16391 ||| Stepping ~*~*~tactically~*~*~ (stealth).
 16472 | Lair:4   | 16472 ||| INVOKING Heroism.
 16473 | Lair:4   | 16473 ||| INVOKING Finesse.
 16707 | Lair:4   | 16707 ||| Stepping ~*~*~tactically~*~*~ (stealth).
 16708 | Lair:4   | 16708 ||| Stepping ~*~*~tactically~*~*~ (stealth).
 16809 | Lair:4   | 16809 ||| INVOKING Heroism.
 16815 | Lair:4   | Gained mutation: Your large and strong wings let you fly.
                  | [Gargoyle growth]
 16815 | Lair:4   | Reached XP level 14. HP: 90/90 MP: 16/19
 17004 | Lair:4   | 17004 ||| INVOKING Heroism.
 17005 | Lair:4   | 17005 ||| INVOKING Finesse.
 17014 | Lair:4   | Reached skill level 15 in Axes
 17167 | Lair:4   | 17167 ||| Stepping ~*~*~tactically~*~*~ (stealth).
 17168 | Lair:4   | 17168 ||| Stepping ~*~*~tactically~*~*~ (stealth).
 17189 | Lair:4   | Noticed a quicksilver ooze
 17190 | Lair:4   | 17190 ||| INVOKING Heroism.
 17201 | Lair:4   | Killed a quicksilver ooze
 17479 | Lair:5   | Entered Level 5 of the Lair of Beasts
 17486 | Lair:5   | 17486 ||| STAIRDANCE
 17493 | Lair:5   | 17493 ||| STAIRDANCE
 17574 | Lair:5   | 17574 ||| STAIRDANCE
 17581 | Lair:4   | Identified the +3 tower shield "Peunad" {rPois Will+ Int+4}
                  | (Okawaru gifted it to you on level 4 of the Lair of Beasts)
 17581 | Lair:4   | Received a gift from Okawaru
 17633 | Lair:4   | 17633 ||| UPGRADING to +3 tower shield "Peunad" {rPois
                  | Will+ Int+4}.
 17643 | Lair:4   | 17643 ||| DROPPING +0 buckler.
 17646 | Lair:5   | 17646 ||| STAIRDANCE
 17705 | Lair:5   | 17705 ||| STAIRDANCE
 17789 | Lair:5   | 17789 ||| INVOKING Heroism.
 17790 | Lair:5   | 17790 ||| INVOKING Finesse.
 17851 | Lair:5   | 17851 ||| Stepping ~*~*~tactically~*~*~ (hiding).
 17856 | Lair:5   | 17856 ||| INVOKING Heroism.
 17857 | Lair:5   | 17857 ||| INVOKING Finesse.
 17912 | Lair:5   | 17912 ||| Stepping ~*~*~tactically~*~*~ (stealth).
 17916 | Lair:5   | 17916 ||| INVOKING Heroism.
 17926 | Lair:5   | Reached skill level 8 in Shields
 17965 | Lair:5   | Found a staircase to the Slime Pits.
 17965 | Lair:5   | Found a viscous altar of Jiyva.
 17974 | Lair:5   | 17974 ||| INVOKING Heroism.
 17977 | Lair:5   | 17977 ||| SWAPPING to +0 eveningstar.
 17980 | Lair:5   | 17980 ||| SWAPPING to +1 broad axe of protection.
 18006 | Lair:5   | 18006 ||| Stepping ~*~*~tactically~*~*~ (stealth).
 18013 | Lair:5   | 18013 ||| INVOKING Heroism.
 18049 | Lair:5   | Found a large runed translucent door.
 18049 | Lair:5   | Found a large runed translucent door.
 18054 | Lair:5   | 18054 ||| Stepping ~*~*~tactically~*~*~ (stealth).
 18055 | Lair:5   | 18055 ||| Stepping ~*~*~tactically~*~*~ (stealth).
 18067 | Lair:5   | 18067 ||| INVOKING Heroism.
 18069 | Lair:5   | Reached skill level 9 in Shields
 18147 | Lair:5   | 18147 ||| INVOKING Heroism.
 18177 | Lair:5   | 18177 ||| Stepping ~*~*~tactically~*~*~ (stealth).
 18204 | Lair:5   | 18204 ||| Stepping ~*~*~tactically~*~*~ (stealth).
 18210 | Lair:5   | 18210 ||| FLEEEEING.
 18214 | Lair:5   | 18214 ||| INVOKING Heroism.
 18220 | Lair:5   | 18220 ||| Stepping ~*~*~tactically~*~*~ (cloud).
 18234 | Lair:5   | 18234 ||| Stepping ~*~*~tactically~*~*~ (cloud).
 18557 | Lair:5   | Reached skill level 10 in Shields
 18601 | Lair:5   | Identified the +1 ring mail of Kir Goem {rN+ Dex-5 Slay+3}
 18655 | Lair:5   | 18655 ||| Stepping ~*~*~tactically~*~*~ (stealth).
 18657 | Lair:5   | 18657 ||| Stepping ~*~*~tactically~*~*~ (stealth).
 18659 | Lair:5   | 18659 ||| Stepping ~*~*~tactically~*~*~ (stealth).
 18661 | Lair:5   | 18661 ||| Stepping ~*~*~tactically~*~*~ (stealth).
 18663 | Lair:5   | 18663 ||| Stepping ~*~*~tactically~*~*~ (stealth).
 18665 | Lair:5   | 18665 ||| Stepping ~*~*~tactically~*~*~ (stealth).
 18666 | Lair:5   | 18666 ||| INVOKING Heroism.
 18668 | Lair:5   | 18668 ||| Stepping ~*~*~tactically~*~*~ (stealth).
 18669 | Lair:5   | 18669 ||| Stepping ~*~*~tactically~*~*~ (stealth).
 18779 | Lair:5   | 18779 ||| Stepping ~*~*~tactically~*~*~ (stealth).
 18791 | Lair:5   | 18791 ||| INVOKING Heroism.
 18801 | Lair:5   | Reached skill level 11 in Shields
 18900 | Lair:5   | 18900 ||| Stepping ~*~*~tactically~*~*~ (stealth).
 18903 | Lair:5   | 18903 ||| Stepping ~*~*~tactically~*~*~ (stealth).
 18905 | Lair:5   | 18905 ||| Stepping ~*~*~tactically~*~*~ (stealth).
 18907 | Lair:5   | 18907 ||| Stepping ~*~*~tactically~*~*~ (stealth).
 18910 | Lair:5   | 18910 ||| Stepping ~*~*~tactically~*~*~ (stealth).
 18913 | Lair:5   | 18913 ||| Stepping ~*~*~tactically~*~*~ (stealth).
 18920 | Lair:5   | 18920 ||| INVOKING Heroism.
 18964 | Lair:5   | Received a gift from Okawaru
 18974 | Lair:5   | Reached skill level 12 in Shields
 18997 | Lair:5   | 18997 ||| Stepping ~*~*~tactically~*~*~ (stealth).
 19493 | Lair:5   | 19493 ||| PLANNING D:1-11
 19620 | D:11     | 19620 ||| STAIRDANCE
 19622 | D:10     | 19622 ||| Stepping randomly (disturbance).
 19699 | D:11     | Received a gift from Okawaru
 19779 | D:11     | 19779 ||| INVOKING Heroism.
 19788 | D:11     | Noticed Grum
 19812 | D:11     | Killed Grum
 19860 | D:11     | Found a portal to a secret trove of treasure.
 19923 | D:11     | 19923 ||| READING scroll of enchant weapon.
 19923 | D:11     | 19923 ||| ENCHANTING +1 broad axe of protection.
 19949 | D:11     | 19949 ||| Stepping ~*~*~tactically~*~*~ (stealth).
 19952 | D:11     | 19952 ||| Stepping ~*~*~tactically~*~*~ (stealth).
 19953 | D:11     | 19953 ||| Stepping ~*~*~tactically~*~*~ (stealth).
 19987 | D:11     | 19987 ||| READING scroll of enchant armour.
 19987 | D:11     | 19987 ||| ENCHANTING +1 pair of boots.
 20104 | D:11     | 20104 ||| Stepping ~*~*~tactically~*~*~ (stealth).
 20126 | D:11     | Reached XP level 15. HP: 69/95 MP: 20/20
 20128 | D:11     | 20128 ||| FLEEEEING.
 20132 | D:11     | 20132 ||| FLEEEEING.
 20133 | D:11     | 20133 ||| FLEEEEING.
 20134 | D:11     | 20134 ||| FLEEEEING.
 20135 | D:11     | 20135 ||| FLEEEEING.
 20136 | D:11     | 20136 ||| FLEEEEING.
 20137 | D:11     | 20137 ||| FLEEEEING.
 20138 | D:11     | 20138 ||| FLEEEEING.
 20139 | D:11     | 20139 ||| FLEEEEING.
 20140 | D:11     | 20140 ||| FLEEEEING.
 20141 | D:11     | 20141 ||| STAIRDANCE
 20229 | D:10     | 20229 ||| DROPPING ring of wizardry.
 20230 | D:10     | 20230 ||| READING 3 scrolls of identify.
 20230 | D:10     | 20230 ||| IDENTIFYING lumpy green potion
 20238 | D:11     | 20238 ||| Stepping ~*~*~tactically~*~*~ (hiding).
 20311 | D:11     | Reached skill level 13 in Shields
 20369 | D:11     | 20369 ||| PLANNING D
 20397 | D:12     | Noticed Jorgrun
 20398 | D:12     | 20398 ||| INVOKING Heroism.
 20399 | D:12     | 20399 ||| INVOKING Finesse.
 20403 | D:12     | HP: 23/95 [Jorgrun/iron shot (29)]
 20404 | D:12     | 20404 ||| READING 2 scrolls of teleportation.
 20405 | D:12     | 20405 ||| DRINKING potion of heal wounds.
 20414 | D:12     | HP: 19/95 [Jorgrun/Lee's Rapid Deconstruction (29)]
 20415 | D:12     | 20415 ||| READING scroll of teleportation.
 20445 | D:12     | 20445 ||| Stepping ~*~*~tactically~*~*~ (hiding).
 20450 | D:12     | 20450 ||| Stepping ~*~*~tactically~*~*~ (hiding).
 20453 | D:12     | 20453 ||| INVOKING Heroism.
 20455 | D:12     | HP: 22/95 [Jorgrun/+0 vorpal quarterstaff (2)]
 20461 | D:12     | HP: 20/95 [Jorgrun/+0 vorpal quarterstaff (1)]
 20465 | D:12     | HP: 1/95 [constriction (12)]
 20467 | D:12     | Killed Jorgrun
 20497 | D:12     | 20497 ||| Stepping ~*~*~tactically~*~*~ (stealth).
 20498 | D:12     | 20498 ||| Stepping ~*~*~tactically~*~*~ (stealth).
 20499 | D:12     | 20499 ||| Stepping ~*~*~tactically~*~*~ (stealth).
 20500 | D:12     | 20500 ||| INVOKING Heroism.
 20502 | D:12     | 20502 ||| Stepping ~*~*~tactically~*~*~ (stealth).
 20508 | D:12     | 20508 ||| Stepping ~*~*~tactically~*~*~ (stealth).
 20511 | D:12     | 20511 ||| Stepping ~*~*~tactically~*~*~ (stealth).
 20512 | D:12     | 20512 ||| Stepping ~*~*~tactically~*~*~ (stealth).
 20919 | D:12     | Found a transporter.
 20936 | D:12     | Noticed Zirot's ghost (journeyman GrFi)
 20962 | D:12     | Found a staircase to the Orcish Mines.
 21482 | D:12     | Found a hazy altar of Hepliaklqana.
 21558 | D:12     | Reached skill level 14 in Shields
 21567 | D:12     | 21567 ||| Stepping ~*~*~tactically~*~*~ (stealth).
 21568 | D:12     | 21568 ||| Stepping ~*~*~tactically~*~*~ (stealth).
 21575 | D:12     | 21575 ||| INVOKING Heroism.
 21850 | D:12     | Found a transporter.
 22025 | D:13     | 22025 ||| Stepping ~*~*~tactically~*~*~ (hiding).
 22035 | D:13     | Received a gift from Okawaru
 22364 | D:13     | 22364 ||| Stepping ~*~*~tactically~*~*~ (stealth).
 22365 | D:13     | 22365 ||| Stepping ~*~*~tactically~*~*~ (stealth).
 22368 | D:13     | 22368 ||| Stepping ~*~*~tactically~*~*~ (stealth).
 22369 | D:13     | 22369 ||| Stepping ~*~*~tactically~*~*~ (stealth).
 22457 | D:13     | Received a gift from Okawaru
 22492 | D:13     | 22492 ||| INVOKING Heroism.
 22511 | D:13     | Reached skill level 15 in Shields
 22517 | D:13     | 22517 ||| INVOKING Finesse.
 22549 | D:13     | 22549 ||| Stepping ~*~*~tactically~*~*~ (hiding).
 22552 | D:13     | 22552 ||| INVOKING Heroism.
 22597 | D:13     | 22597 ||| INVOKING Heroism.
 22749 | D:13     | Found a gate to the Vaults.
 22888 | D:14     | 22888 ||| Stepping ~*~*~tactically~*~*~ (hiding).
 22891 | D:14     | 22891 ||| Stepping ~*~*~tactically~*~*~ (hiding).
 22895 | D:14     | 22895 ||| INVOKING Heroism.
 22908 | D:14     | Received a gift from Okawaru
 23003 | D:14     | Reached skill level 16 in Shields
 23066 | D:14     | 23066 ||| Stepping ~*~*~tactically~*~*~ (hiding).
 23067 | D:14     | 23067 ||| Stepping ~*~*~tactically~*~*~ (hiding).
 23202 | D:14     | Found a transporter.
 23204 | D:14     | Found a transporter.
 23209 | D:14     | Noticed Nomoas's ghost (journeyman GrFi)
 23218 | D:14     | 23218 ||| Stepping ~*~*~tactically~*~*~ (stealth).
 23220 | D:14     | 23220 ||| Stepping ~*~*~tactically~*~*~ (stealth).
 23222 | D:14     | 23222 ||| INVOKING Heroism.
 23254 | D:14     | Received a gift from Okawaru
 23280 | D:14     | 23280 ||| INVOKING Heroism.
 23298 | D:14     | Reached skill level 12 in Fighting
 23487 | D:14     | 23487 ||| Stepping ~*~*~tactically~*~*~ (hiding).
 23496 | D:14     | 23496 ||| Stepping ~*~*~tactically~*~*~ (hiding).
 23500 | D:14     | 23500 ||| Stepping ~*~*~tactically~*~*~ (hiding).
 23580 | D:14     | 23580 ||| INVOKING Heroism.
 23581 | D:14     | 23581 ||| INVOKING Finesse.
 23583 | D:14     | 23583 ||| SWAPPING to +0 eveningstar.
 23588 | D:14     | 23588 ||| SWAPPING to +2 broad axe of protection.
 23717 | D:14     | Identified the +8 broad axe "Pekheoj" {freeze, +Blink
                  | Will+++ Dex-3 Stlth+}
 23787 | D:14     | 23787 ||| READING 6 scrolls of identify.
 23787 | D:14     | 23787 ||| IDENTIFYING lumpy red potion
 23798 | D:15     | Entered Level 15 of the Dungeon
 24033 | D:15     | 24033 ||| INVOKING Heroism.
 24289 | D:15     | Found a staircase to the Depths.
 24290 | D:15     | Noticed a fire giant
 24290 | D:15     | 24290 ||| INVOKING Heroism.
 24291 | D:15     | 24291 ||| INVOKING Finesse.
 24301 | D:15     | Killed a fire giant
 24447 | D:15     | Found Ohogel's Jewellery Boutique.
 24455 | D:15     | 24455 ||| BUYING amulet of reflection (570 gold).
 24455 | D:15     | Bought an amulet of reflection for 570 gold pieces
 24455 | D:15     | 24455 ||| BUYING ring of ice (475 gold).
 24455 | D:15     | Bought a ring of ice for 475 gold pieces
 24455 | D:15     | 24455 ||| BUYING ring of ice (475 gold).
 24455 | D:15     | Bought a ring of ice for 475 gold pieces
 24455 | D:15     | 24455 ||| BUYING ring of resist corrosion (380 gold).
 24455 | D:15     | Bought a ring of resist corrosion for 380 gold pieces
 24455 | D:15     | 24455 ||| SHOPLISTING ring of willpower (475 gold, have
                  | 14).
 24515 | D:15     | 24515 ||| INVOKING Heroism.
 24527 | D:15     | Reached XP level 16. HP: 88/101 MP: 19/21
 24615 | D:15     | 24615 ||| Stepping ~*~*~tactically~*~*~ (stealth).
 24737 | D:15     | 24737 ||| PLANNING ORC
 24737 | D:15     | 24737 ||| UPGRADING to amulet of reflection.
 24799 | Orc:1    | Entered Level 1 of the Orcish Mines
 24810 | Orc:1    | 24810 ||| INVOKING Heroism.
 24845 | Orc:1    | 24845 ||| INVOKING Finesse.
 24874 | Orc:1    | 24874 ||| INVOKING Heroism.
 25081 | Orc:1    | 25081 ||| INVOKING Heroism.
 25362 | Orc:1    | 25362 ||| DROPPING +4 ring mail of fire resistance.
 25363 | Orc:1    | 25363 ||| UPGRADING to +0 plate armour of fire resistance.
 25373 | Orc:1    | 25373 ||| DROPPING +0 plate armour.
 25392 | Orc:2    | Entered Level 2 of the Orcish Mines
 25393 | Orc:2    | 25393 ||| STAIRDANCE
 25400 | Orc:2    | 25400 ||| INVOKING Heroism.
 25401 | Orc:2    | 25401 ||| Stepping ~*~*~tactically~*~*~ (stealth).
 25401 | Orc:2    | Found Gublulae's Armour Emporium.
 25412 | Orc:2    | Identified the +1 plate armour "Huklesut" {rElec rPois
                  | Int-4 Dex-5} (Okawaru gifted it to you on level 2 of the
                  | Orcish Mines)
 25412 | Orc:2    | Received a gift from Okawaru
 25532 | Orc:2    | 25532 ||| Stepping ~*~*~tactically~*~*~ (hiding).
 25537 | Orc:2    | 25537 ||| INVOKING Heroism.
 25634 | Orc:2    | 25634 ||| INVOKING Heroism.
 25650 | Orc:2    | 25650 ||| Stepping ~*~*~tactically~*~*~ (hiding).
 25657 | Orc:2    | 25657 ||| Stepping ~*~*~tactically~*~*~ (hiding).
 25666 | Orc:2    | Reached skill level 3 in Dodging
 25843 | Orc:2    | Found a staircase to the Elven Halls.
 25846 | Orc:2    | 25846 ||| Stepping ~*~*~tactically~*~*~ (hiding).
 25847 | Orc:2    | 25847 ||| Stepping ~*~*~tactically~*~*~ (hiding).
 25848 | Orc:2    | 25848 ||| Stepping ~*~*~tactically~*~*~ (hiding).
 25862 | Orc:2    | 25862 ||| Stepping ~*~*~tactically~*~*~ (stealth).
 25864 | Orc:2    | 25864 ||| Stepping ~*~*~tactically~*~*~ (hiding).
 25870 | Orc:2    | 25870 ||| INVOKING Heroism.
 25885 | Orc:2    | 25885 ||| Stepping ~*~*~tactically~*~*~ (hiding).
 25893 | Orc:2    | 25893 ||| Stepping ~*~*~tactically~*~*~ (hiding).
 25912 | Orc:2    | 25912 ||| INVOKING Heroism.
 25912 | Orc:2    | Gained mutation: Your magical capacity is very low. (-20%
                  | MP) [a neqoxec]
 25914 | Orc:2    | Gained mutation: You are dopey. (Int -2) [a neqoxec]
 25921 | Orc:2    | 25921 ||| Stepping ~*~*~tactically~*~*~ (stealth).
 25951 | Orc:2    | 25951 ||| Stepping ~*~*~tactically~*~*~ (hiding).
 25958 | Orc:2    | 25958 ||| FLEEEEING.
 25960 | Orc:2    | 25960 ||| FLEEEEING.
 25961 | Orc:2    | 25961 ||| FLEEEEING.
 25962 | Orc:2    | 25962 ||| FLEEEEING.
 25963 | Orc:2    | 25963 ||| FLEEEEING.
 25964 | Orc:2    | 25964 ||| FLEEEEING.
 25965 | Orc:2    | 25965 ||| FLEEEEING.
 25966 | Orc:2    | 25966 ||| FLEEEEING.
 25967 | Orc:2    | 25967 ||| FLEEEEING.
 25968 | Orc:2    | 25968 ||| FLEEEEING.
 25969 | Orc:2    | 25969 ||| FLEEEEING.
 25970 | Orc:2    | 25970 ||| FLEEEEING.
 25976 | Orc:2    | 25976 ||| FLEEEEING.
 25988 | Orc:2    | 25988 ||| FLEEEEING.
 25989 | Orc:2    | 25989 ||| FLEEEEING.
 25994 | Orc:2    | 25994 ||| STAIRDANCE
 26068 | Orc:1    | 26068 ||| DROPPING +1 plate armour "Huklesut" {rElec rPois
                  | Int-4 Dex-5}.
 26101 | Orc:2    | 26101 ||| Stepping ~*~*~tactically~*~*~ (hiding).
 26171 | Orc:2    | 26171 ||| Stepping ~*~*~tactically~*~*~ (stealth).
 26209 | Orc:2    | 26209 ||| Stepping ~*~*~tactically~*~*~ (stealth).
 26211 | Orc:2    | 26211 ||| Stepping ~*~*~tactically~*~*~ (stealth).
 26220 | Orc:2    | 26220 ||| INVOKING Heroism.
 26241 | Orc:2    | 26241 ||| Stepping ~*~*~tactically~*~*~ (stealth).
 26245 | Orc:2    | 26245 ||| Stepping ~*~*~tactically~*~*~ (hiding).
 26256 | Orc:2    | 26256 ||| Stepping ~*~*~tactically~*~*~ (hiding).
 26258 | Orc:2    | 26258 ||| Stepping ~*~*~tactically~*~*~ (hiding).
 26261 | Orc:2    | 26261 ||| INVOKING Finesse.
 26281 | Orc:2    | 26281 ||| INVOKING Heroism.
 26291 | Orc:2    | Reached skill level 17 in Shields
 26307 | Orc:2    | 26307 ||| FLEEEEING.
 26312 | Orc:2    | 26312 ||| FLEEEEING.
 26313 | Orc:2    | 26313 ||| FLEEEEING.
 26314 | Orc:2    | 26314 ||| FLEEEEING.
 26315 | Orc:2    | 26315 ||| FLEEEEING.
 26316 | Orc:2    | 26316 ||| FLEEEEING.
 26317 | Orc:2    | 26317 ||| FLEEEEING.
 26318 | Orc:2    | 26318 ||| FLEEEEING.
 26319 | Orc:2    | 26319 ||| FLEEEEING.
 26320 | Orc:2    | 26320 ||| FLEEEEING.
 26321 | Orc:2    | 26321 ||| FLEEEEING.
 26322 | Orc:2    | 26322 ||| FLEEEEING.
 26323 | Orc:2    | 26323 ||| FLEEEEING.
 26324 | Orc:2    | 26324 ||| FLEEEEING.
 26325 | Orc:2    | 26325 ||| FLEEEEING.
 26326 | Orc:2    | 26326 ||| FLEEEEING.
 26327 | Orc:2    | 26327 ||| FLEEEEING.
 26328 | Orc:2    | 26328 ||| FLEEEEING.
 26330 | Orc:2    | 26330 ||| FLEEEEING.
 26331 | Orc:2    | 26331 ||| FLEEEEING.
 26332 | Orc:2    | 26332 ||| FLEEEEING.
 26333 | Orc:2    | 26333 ||| FLEEEEING.
 26334 | Orc:2    | 26334 ||| FLEEEEING.
 26335 | Orc:2    | 26335 ||| FLEEEEING.
 26336 | Orc:2    | 26336 ||| FLEEEEING.
 26337 | Orc:2    | 26337 ||| FLEEEEING.
 26338 | Orc:2    | 26338 ||| FLEEEEING.
 26339 | Orc:2    | 26339 ||| FLEEEEING.
 26340 | Orc:2    | 26340 ||| FLEEEEING.
 26341 | Orc:2    | 26341 ||| FLEEEEING.
 26342 | Orc:2    | 26342 ||| FLEEEEING.
 26343 | Orc:2    | 26343 ||| FLEEEEING.
 26344 | Orc:2    | 26344 ||| FLEEEEING.
 26345 | Orc:2    | 26345 ||| FLEEEEING.
 26346 | Orc:2    | 26346 ||| FLEEEEING.
 26347 | Orc:2    | 26347 ||| FLEEEEING.
 26348 | Orc:2    | 26348 ||| FLEEEEING.
 26349 | Orc:2    | 26349 ||| STAIRDANCE
 26690 | Orc:2    | 26690 ||| INVOKING Heroism.
 26731 | Orc:2    | 26731 ||| Stepping ~*~*~tactically~*~*~ (stealth).
 26752 | Orc:2    | Found Leutiu's General Store.
 26753 | Orc:2    | Found Biguusuh's Jewellery Boutique.
 26755 | Orc:2    | 26755 ||| Stepping ~*~*~tactically~*~*~ (stealth).
 26755 | Orc:2    | Found Meoz's Antique Armour Shop.
 26755 | Orc:2    | Found Paojuvor's Antique Weapon Shop.
 26756 | Orc:2    | 26756 ||| Stepping ~*~*~tactically~*~*~ (stealth).
 26760 | Orc:2    | 26760 ||| BUYING potion of curing (42 gold).
 26760 | Orc:2    | Bought a potion of curing for 42 gold pieces
 26762 | Orc:2    | 26762 ||| BUYING +4 ring of evasion (540 gold).
 26762 | Orc:2    | Bought a +4 ring of evasion for 540 gold pieces
 26771 | Orc:2    | 26771 ||| SHOPLISTING +1 cloak of Starlight {*Dazzle EV+4
                  | Stlth--} (610 gold, have 186).
 26771 | Orc:2    | 26771 ||| SHOPLISTING smouldering cloak (190 gold, have
                  | 186).
 26781 | Orc:2    | 26781 ||| Stepping ~*~*~tactically~*~*~ (stealth).
 26782 | Orc:2    | 26782 ||| Stepping ~*~*~tactically~*~*~ (stealth).
 26784 | Orc:2    | 26784 ||| Stepping ~*~*~tactically~*~*~ (stealth).
 26820 | Orc:2    | 26820 ||| PLANNING SNAKE:1-3
 26820 | Orc:2    | 26820 ||| UPGRADING to +4 ring of evasion.
 26822 | Orc:2    | 26822 ||| DROPPING +1 ring of evasion.
 27030 | Snake:1  | Entered Level 1 of the Snake Pit
 27052 | Snake:1  | 27052 ||| INVOKING Heroism.
 27056 | Snake:1  | 27056 ||| Stepping ~*~*~tactically~*~*~ (hiding).
 27067 | Snake:1  | 27067 ||| Stepping ~*~*~tactically~*~*~ (hiding).
 27142 | Snake:1  | 27142 ||| Stepping ~*~*~tactically~*~*~ (stealth).
 27152 | Snake:1  | 27152 ||| Stepping ~*~*~tactically~*~*~ (hiding).
 27253 | Snake:1  | 27253 ||| Stepping ~*~*~tactically~*~*~ (stealth).
 27381 | Snake:1  | 27381 ||| INVOKING Heroism.
 27430 | Snake:1  | 27430 ||| Stepping ~*~*~tactically~*~*~ (hiding).
 27435 | Snake:1  | 27435 ||| INVOKING Heroism.
 27466 | Snake:1  | 27466 ||| Stepping ~*~*~tactically~*~*~ (hiding).
 27468 | Snake:1  | 27468 ||| Stepping ~*~*~tactically~*~*~ (hiding).
 27829 | Snake:1  | 27829 ||| INVOKING Heroism.
 27830 | Snake:1  | 27830 ||| INVOKING Finesse.
 27890 | Snake:1  | 27890 ||| DROPPING +0 eveningstar.
 28180 | Snake:1  | 28180 ||| INVOKING Heroism.
 28217 | Snake:1  | Found a runed translucent door.
 28463 | Snake:2  | 28463 ||| INVOKING Heroism.
 28525 | Snake:2  | 28525 ||| Stepping ~*~*~tactically~*~*~ (hiding).
 28645 | Snake:2  | 28645 ||| Stepping ~*~*~tactically~*~*~ (stealth).
 28646 | Snake:2  | 28646 ||| Stepping ~*~*~tactically~*~*~ (stealth).
 28648 | Snake:2  | 28648 ||| INVOKING Heroism.
 28681 | Snake:2  | 28681 ||| INVOKING Heroism.
 28707 | Snake:2  | Received a gift from Okawaru
 28963 | Snake:2  | Found an opulent altar of Gozag.
 28968 | Snake:2  | 28968 ||| INVOKING Heroism.
 29102 | Snake:2  | 29102 ||| INVOKING Heroism.
 29107 | Snake:2  | Reached XP level 17. HP: 85/108 MP: 16/19
 29300 | Snake:2  | 29300 ||| INVOKING Heroism.
 29378 | Snake:2  | 29378 ||| Stepping ~*~*~tactically~*~*~ (hiding).
 29516 | Snake:2  | 29516 ||| Stepping ~*~*~tactically~*~*~ (hiding).
 29558 | Snake:2  | 29558 ||| UPGRADING to +2 hat of intelligence.
 29568 | Snake:2  | 29568 ||| DROPPING +1 hat of the Griffon {Rampage}.
 29569 | Snake:2  | 29569 ||| UPGRADING to +0 pair of gloves.
 29607 | Snake:3  | Noticed Mara
 29608 | Snake:3  | 29608 ||| INVOKING Heroism.
 29609 | Snake:3  | 29609 ||| INVOKING Finesse.
 29624 | Snake:3  | Killed Mara
 29949 | Snake:3  | Reached skill level 6 in Throwing
 29949 | Snake:3  | 29949 ||| Stepping ~*~*~tactically~*~*~ (hiding).
 29966 | Snake:3  | Identified the +5 war axe "Riwkipn" {protect, Str+7}
 29992 | Snake:3  | 29992 ||| Stepping ~*~*~tactically~*~*~ (hiding).
 30001 | Snake:3  | 30001 ||| INVOKING Heroism.
 30080 | Snake:3  | 30080 ||| Stepping ~*~*~tactically~*~*~ (hiding).
 30083 | Snake:3  | 30083 ||| Stepping ~*~*~tactically~*~*~ (stealth).
 30089 | Snake:3  | 30089 ||| INVOKING Heroism.
 30110 | Snake:3  | Noticed Vashnia
 30163 | Snake:3  | Killed Vashnia
 30164 | Snake:3  | Reached skill level 12 in Armour
 30307 | Snake:3  | 30307 ||| Stepping ~*~*~tactically~*~*~ (hiding).
 30320 | Snake:3  | 30320 ||| INVOKING Heroism.
 30473 | Snake:3  | 30473 ||| READING scroll of enchant weapon.
 30473 | Snake:3  | 30473 ||| ENCHANTING +2 broad axe of protection.
 30538 | Snake:3  | Received a gift from Okawaru
 30641 | Snake:3  | 30641 ||| Stepping ~*~*~tactically~*~*~ (hiding).
 30642 | Snake:3  | 30642 ||| INVOKING Heroism.
 30900 | Snake:3  | 30900 ||| Stepping ~*~*~tactically~*~*~ (stealth).
 30901 | Snake:3  | 30901 ||| Stepping ~*~*~tactically~*~*~ (stealth).
 30903 | Snake:3  | 30903 ||| Stepping ~*~*~tactically~*~*~ (stealth).
 30919 | Snake:3  | 30919 ||| Stepping ~*~*~tactically~*~*~ (stealth).
 31074 | Snake:3  | 31074 ||| PLANNING SHOALS:1-3
 31211 | Shoals:1 | Entered Level 1 of the Shoals
 31212 | Shoals:1 | 31212 ||| Stepping ~*~*~tactically~*~*~ (hiding).
 31213 | Shoals:1 | 31213 ||| INVOKING Heroism.
 31214 | Shoals:1 | 31214 ||| INVOKING Finesse.
 31246 | Shoals:1 | 31246 ||| Stepping ~*~*~tactically~*~*~ (stealth).
 31247 | Shoals:1 | 31247 ||| Stepping ~*~*~tactically~*~*~ (stealth).
 31251 | Shoals:1 | 31251 ||| Stepping ~*~*~tactically~*~*~ (stealth).
 31292 | Shoals:1 | 31292 ||| INVOKING Heroism.
 31675 | Shoals:1 | 31675 ||| INVOKING Heroism.
 31722 | Shoals:1 | Noticed Josephine
 31723 | Shoals:1 | 31723 ||| Stepping ~*~*~tactically~*~*~ (stealth).
 31725 | Shoals:1 | 31725 ||| Stepping ~*~*~tactically~*~*~ (stealth).
 31735 | Shoals:1 | 31735 ||| Stepping ~*~*~tactically~*~*~ (hiding).
 31737 | Shoals:1 | 31737 ||| Stepping ~*~*~tactically~*~*~ (hiding).
 31739 | Shoals:1 | 31739 ||| Stepping ~*~*~tactically~*~*~ (hiding).
 31741 | Shoals:1 | 31741 ||| Stepping ~*~*~tactically~*~*~ (hiding).
 31742 | Shoals:1 | 31742 ||| Stepping ~*~*~tactically~*~*~ (hiding).
 31744 | Shoals:1 | 31744 ||| Stepping ~*~*~tactically~*~*~ (hiding).
 31756 | Shoals:1 | Killed Josephine
 31756 | Shoals:1 | Received a gift from Okawaru
 31937 | Shoals:1 | 31937 ||| INVOKING Heroism.
 32166 | Shoals:1 | 32166 ||| INVOKING Heroism.
 32295 | Shoals:1 | 32295 ||| READING scroll labelled KALOESH OSIREL.
 32325 | Shoals:2 | Found Gofakk's Magic Scroll Boutique.
 32326 | Shoals:2 | Found Ylasilon's Distillery.
 32327 | Shoals:2 | 32327 ||| INVOKING Heroism.
 32336 | Shoals:2 | Reached skill level 18 in Axes
 32397 | Shoals:2 | Found a transporter.
 32398 | Shoals:2 | 32398 ||| BUYING scroll of enchant weapon (105 gold).
 32398 | Shoals:2 | Bought a scroll of enchant weapon for 105 gold pieces
 32398 | Shoals:2 | 32398 ||| BUYING scroll of enchant weapon (105 gold).
 32398 | Shoals:2 | Bought a scroll of enchant weapon for 105 gold pieces
 32398 | Shoals:2 | 32398 ||| BUYING scroll of teleportation (42 gold).
 32398 | Shoals:2 | Bought a scroll of teleportation for 42 gold pieces
 32398 | Shoals:2 | 32398 ||| READING 2 scrolls of enchant weapon.
 32398 | Shoals:2 | 32398 ||| ENCHANTING +3 broad axe of protection.
 32399 | Shoals:2 | 32399 ||| READING scroll of enchant weapon.
 32399 | Shoals:2 | 32399 ||| ENCHANTING +4 broad axe of protection.
 32410 | Shoals:2 | 32410 ||| BUYING 2 potions of attraction (126 gold).
 32410 | Shoals:2 | Bought 2 potions of attraction for 126 gold pieces
 32410 | Shoals:2 | 32410 ||| BUYING potion of attraction (63 gold).
 32410 | Shoals:2 | Bought a potion of attraction for 63 gold pieces
 32410 | Shoals:2 | 32410 ||| BUYING potion of attraction (63 gold).
 32410 | Shoals:2 | Bought a potion of attraction for 63 gold pieces
 32410 | Shoals:2 | 32410 ||| SHOPLISTING potion of curing (63 gold, have 47).
 32410 | Shoals:2 | 32410 ||| SHOPLISTING potion of haste (210 gold, have 47).
 32410 | Shoals:2 | 32410 ||| SHOPLISTING potion of heal wounds (105 gold, have
                  | 47).
 32410 | Shoals:2 | 32410 ||| SHOPLISTING potion of might (84 gold, have 47).
 32411 | Shoals:2 | Found a transporter.
 32438 | Shoals:2 | 32438 ||| INVOKING Heroism.
 32441 | Shoals:2 | Found a transporter.
 32472 | Shoals:2 | Received a gift from Okawaru
 32572 | Shoals:2 | Found a transporter.
 32608 | Shoals:2 | 32608 ||| INVOKING Heroism.
 32609 | Shoals:2 | 32609 ||| INVOKING Finesse.
 32716 | Shoals:2 | 32716 ||| INVOKING Heroism.
 32789 | Shoals:2 | Found Roqil's Distillery.
 32802 | Shoals:2 | 32802 ||| SHOPLISTING 2 potions of attraction (90 gold,
                  | have 57).
 32802 | Shoals:2 | 32802 ||| BUYING potion of curing (45 gold).
 32802 | Shoals:2 | Bought a potion of curing for 45 gold pieces
 32802 | Shoals:2 | 32802 ||| SHOPLISTING potion of heal wounds (75 gold, have
                  | 12).
 32802 | Shoals:2 | 32802 ||| SHOPLISTING potion of lignification (45 gold,
                  | have 12).
 32802 | Shoals:2 | 32802 ||| SHOPLISTING potion of magic (120 gold, have 12).
 32802 | Shoals:2 | 32802 ||| SHOPLISTING potion of might (60 gold, have 12).
 32802 | Shoals:2 | 32802 ||| SHOPLISTING potion of mutation (120 gold, have
                  | 12).
 32814 | Shoals:2 | Found a transporter.
 32822 | Shoals:2 | Found a transporter.
 33024 | Shoals:2 | Found Mehoatt's Antique Armour Emporium.
 33027 | Shoals:2 | 33027 ||| INVOKING Heroism.
 33435 | Shoals:3 | 33435 ||| INVOKING Heroism.
 33442 | Shoals:3 | Reached XP level 18. HP: 102/116 MP: 18/20
 33491 | Shoals:3 | 33491 ||| DROPPING +2 war axe of flaming.
 33593 | Shoals:3 | Noticed Ilsuiw
 33594 | Shoals:3 | 33594 ||| INVOKING Heroism.
 33595 | Shoals:3 | 33595 ||| INVOKING Finesse.
 33603 | Shoals:3 | Noticed Aizul
 33635 | Shoals:3 | Killed Aizul
 33636 | Shoals:3 | 33636 ||| INVOKING Heroism.
 33660 | Shoals:3 | Reached skill level 18 in Shields
 33676 | Shoals:3 | Killed Ilsuiw
 33951 | Shoals:3 | 33951 ||| INVOKING Heroism.
 34110 | Shoals:3 | 34110 ||| INVOKING Heroism.
 34142 | Shoals:3 | 34142 ||| INVOKING Heroism.
 34602 | Shoals:3 | 34602 ||| INVOKING Heroism.
 34843 | Shoals:2 | 34843 ||| SHOPLISTING shimmering plate armour (700 gold,
                  | have 76).
 34843 | Shoals:2 | 34843 ||| SHOPLISTING shiny chain mail (187 gold, have 76).
 34843 | Shoals:2 | 34843 ||| SHOPLISTING spiked fire dragon scales (1625 gold,
                  | have 76).
 34843 | Shoals:2 | 34843 ||| PLANNING SNAKE:4
 34981 | Snake:4  | Entered Level 4 of the Snake Pit
 34992 | Snake:4  | 34992 ||| Stepping ~*~*~tactically~*~*~ (hiding).
 34994 | Snake:4  | 34994 ||| Stepping ~*~*~tactically~*~*~ (hiding).
 34995 | Snake:4  | 34995 ||| Stepping ~*~*~tactically~*~*~ (hiding).
 35001 | Snake:4  | 35001 ||| INVOKING Heroism.
 35021 | Snake:4  | 35021 ||| Stepping ~*~*~tactically~*~*~ (hiding).
 35027 | Snake:4  | 35027 ||| INVOKING Heroism.
 35029 | Snake:4  | 35029 ||| Stepping ~*~*~tactically~*~*~ (hiding).
 35030 | Snake:4  | Noticed Bai Suzhen
 35035 | Snake:4  | 35035 ||| Stepping ~*~*~tactically~*~*~ (hiding).
 35051 | Snake:4  | Killed Bai Suzhen
 35090 | Snake:4  | 35090 ||| INVOKING Heroism.
 35185 | Snake:4  | 35185 ||| READING scroll of enchant weapon.
 35185 | Snake:4  | 35185 ||| ENCHANTING +5 broad axe of protection.
 35196 | Snake:4  | 35196 ||| INVOKING Heroism.
 35227 | Snake:4  | 35227 ||| INVOKING Heroism.
 35251 | Snake:4  | HP: 28/117 [something (14)]
 35255 | Snake:4  | 35255 ||| READING 7 scrolls of teleportation.
 35256 | Snake:4  | 35256 ||| DRINKING 5 potions of heal wounds.
 35312 | Snake:4  | 35312 ||| INVOKING Heroism.
 35546 | Snake:4  | 35546 ||| Stepping ~*~*~tactically~*~*~ (hiding).
 35552 | Snake:4  | 35552 ||| INVOKING Heroism.
 35558 | Snake:4  | 35558 ||| Stepping ~*~*~tactically~*~*~ (hiding).
 35576 | Snake:4  | Reached skill level 15 in Fighting
 35643 | Snake:4  | Received a gift from Okawaru
 35679 | Snake:4  | 35679 ||| Stepping ~*~*~tactically~*~*~ (hiding).
 35680 | Snake:4  | 35680 ||| Stepping ~*~*~tactically~*~*~ (hiding).
 35684 | Snake:4  | 35684 ||| INVOKING Heroism.
 35863 | Snake:4  | 35863 ||| Stepping ~*~*~tactically~*~*~ (hiding).
 35876 | Snake:4  | 35876 ||| INVOKING Heroism.
 35898 | Snake:4  | Identified the ring "Puuxeof" {MP+9 Str+4}
 35899 | Snake:4  | 35899 ||| Stepping ~*~*~tactically~*~*~ (hiding).
 35925 | Snake:4  | 35925 ||| FLEEEEING.
 35937 | Snake:4  | 35937 ||| FLEEEEING.
 35938 | Snake:4  | 35938 ||| FLEEEEING.
 35953 | Snake:4  | 35953 ||| FLEEEEING.
 35954 | Snake:4  | 35954 ||| FLEEEEING.
 35955 | Snake:4  | 35955 ||| FLEEEEING.
 35956 | Snake:4  | 35956 ||| FLEEEEING.
 35957 | Snake:4  | 35957 ||| FLEEEEING.
 35975 | Snake:4  | 35975 ||| Stepping ~*~*~tactically~*~*~ (hiding).
 35978 | Snake:4  | 35978 ||| INVOKING Heroism.
 36344 | Snake:4  | Found Ydoogafa's Tremendous Tomes.
 36432 | Snake:4  | 36432 ||| INVOKING Heroism.
 36459 | Snake:4  | Got a serpentine rune of Zot
 36473 | Snake:4  | 36473 ||| PLANNING VAULTS:1-4
 36745 | Vaults:1 | Entered Level 1 of the Vaults
 36900 | Vaults:1 | Reached skill level 9 in Throwing
 36920 | Vaults:1 | Received a gift from Okawaru
 36933 | Vaults:1 | 36933 ||| INVOKING Heroism.
 36977 | Vaults:1 | 36977 ||| INVOKING Heroism.
 37007 | Vaults:1 | 37007 ||| INVOKING Heroism.
 37027 | Vaults:1 | Reached XP level 19. HP: 48/124 MP: 21/21
 37294 | Vaults:1 | 37294 ||| Stepping ~*~*~tactically~*~*~ (hiding).
 37337 | Vaults:1 | Received a gift from Okawaru
 37370 | Vaults:1 | Found Xiloahydd's Distillery.
 37373 | Vaults:1 | 37373 ||| Stepping ~*~*~tactically~*~*~ (hiding).
 37374 | Vaults:1 | 37374 ||| Stepping ~*~*~tactically~*~*~ (hiding).
 37391 | Vaults:1 | 37391 ||| BUYING potion of attraction (33 gold).
 37391 | Vaults:1 | Bought a potion of attraction for 33 gold pieces
 37391 | Vaults:1 | 37391 ||| BUYING potion of curing (33 gold).
 37391 | Vaults:1 | Bought a potion of curing for 33 gold pieces
 37391 | Vaults:1 | 37391 ||| BUYING potion of curing (33 gold).
 37391 | Vaults:1 | Bought a potion of curing for 33 gold pieces
 37391 | Vaults:1 | 37391 ||| BUYING potion of haste (110 gold).
 37391 | Vaults:1 | Bought a potion of haste for 110 gold pieces
 37391 | Vaults:1 | 37391 ||| BUYING potion of might (44 gold).
 37391 | Vaults:1 | Bought a potion of might for 44 gold pieces
 37391 | Vaults:1 | 37391 ||| SHOPLISTING potion of mutation (88 gold, have
                  | 13).
 37405 | Vaults:1 | 37405 ||| INVOKING Heroism.
 37634 | Vaults:1 | 37634 ||| INVOKING Heroism.
 37722 | Vaults:1 | 37722 ||| INVOKING Heroism.
 37962 | Vaults:1 | 37962 ||| INVOKING Heroism.
 37963 | Vaults:1 | 37963 ||| INVOKING Finesse.
 38165 | Vaults:1 | 38165 ||| Stepping ~*~*~tactically~*~*~ (hiding).
 38167 | Vaults:1 | 38167 ||| INVOKING Heroism.
 38168 | Vaults:1 | 38168 ||| INVOKING Finesse.
 38264 | Vaults:1 | 38264 ||| Stepping ~*~*~tactically~*~*~ (stealth).
 38267 | Vaults:1 | 38267 ||| Stepping ~*~*~tactically~*~*~ (hiding).
 38269 | Vaults:1 | 38269 ||| Stepping ~*~*~tactically~*~*~ (hiding).
 38277 | Vaults:1 | Reached skill level 19 in Shields
 38404 | Vaults:1 | 38404 ||| Stepping ~*~*~tactically~*~*~ (stealth).
 38409 | Vaults:1 | 38409 ||| INVOKING Finesse.
 38593 | Vaults:1 | Identified the +4 shortbow of the Vanishing Bones {vorpal,
                  | rPois Will++ Int-3 SInv}
 38655 | Vaults:1 | 38655 ||| INVOKING Heroism.
 38656 | Vaults:1 | 38656 ||| INVOKING Finesse.
 38682 | Vaults:1 | 38682 ||| READING scroll labelled VISUGOTOANT.
 38739 | Vaults:1 | 38739 ||| READING 6 scrolls of teleportation.
 38802 | Vaults:1 | Noticed a bone dragon
 38806 | Vaults:1 | 38806 ||| INVOKING Heroism.
 38808 | Vaults:1 | Received a gift from Okawaru
 38822 | Vaults:1 | Killed a bone dragon
 38831 | Vaults:1 | 38831 ||| Stepping randomly (cloudy).
 38832 | Vaults:1 | 38832 ||| Stepping randomly (cloudy).
 38853 | Vaults:1 | HP: 17/127 [shadow dragon simulacrum (33)]
 38854 | Vaults:1 | 38854 ||| READING 5 scrolls of teleportation.
 38855 | Vaults:1 | 38855 ||| DRINKING 4 potions of heal wounds.
 38856 | Vaults:1 | 38856 ||| INVOKING Heroism.
 39143 | Vaults:1 | 39143 ||| READING 4 scrolls of teleportation.
 39189 | Vaults:1 | 39189 ||| READING 3 scrolls of teleportation.
 39620 | Vaults:1 | 39620 ||| READING 2 scrolls of teleportation.
 39717 | Vaults:1 | 39717 ||| READING scroll of teleportation.
 39754 | Vaults:1 | 39754 ||| Stepping randomly (stuck).
 39756 | Vaults:1 | 39756 ||| INVOKING Heroism.
 39791 | Vaults:1 | 39791 ||| Stepping randomly (stuck).
 39793 | Vaults:1 | 39793 ||| Stepping randomly (stuck).
 39794 | Vaults:1 | 39794 ||| Stepping randomly (stuck).
 39795 | Vaults:1 | 39795 ||| Stepping randomly (stuck).
 39796 | Vaults:1 | 39796 ||| Stepping randomly (stuck).
 39797 | Vaults:1 | 39797 ||| Stepping randomly (stuck).
 39836 | Vaults:1 | 39836 ||| Stepping randomly (stuck).
 39837 | Vaults:1 | 39837 ||| Stepping randomly (stuck).
 39840 | Vaults:1 | 39840 ||| Stepping randomly (stuck).
 39843 | Vaults:1 | 39843 ||| Stepping randomly (stuck).
 39844 | Vaults:1 | 39844 ||| Stepping randomly (stuck).
 39845 | Vaults:1 | 39845 ||| Stepping randomly (stuck).
 39892 | Vaults:2 | 39892 ||| STAIRDANCE
 40005 | Vaults:2 | 40005 ||| Stepping ~*~*~tactically~*~*~ (hiding).
 40111 | Vaults:2 | 40111 ||| INVOKING Heroism.
 40112 | Vaults:2 | 40112 ||| INVOKING Finesse.
 40468 | Vaults:2 | 40468 ||| INVOKING Heroism.
 40486 | Vaults:2 | Reached skill level 15 in Armour
 40495 | Vaults:2 | 40495 ||| Stepping ~*~*~tactically~*~*~ (hiding).
 40586 | Vaults:2 | 40586 ||| INVOKING Heroism.
 40587 | Vaults:2 | 40587 ||| INVOKING Finesse.
 40700 | Vaults:2 | 40700 ||| Stepping ~*~*~tactically~*~*~ (stealth).
 40706 | Vaults:2 | 40706 ||| INVOKING Heroism.
 40708 | Vaults:2 | 40708 ||| INVOKING Finesse.
 40709 | Vaults:2 | Received a gift from Okawaru
 40740 | Vaults:2 | Reached XP level 20. HP: 111/134 MP: 17/22
 40788 | Vaults:2 | 40788 ||| Stepping ~*~*~tactically~*~*~ (stealth).
 40789 | Vaults:2 | 40789 ||| Stepping ~*~*~tactically~*~*~ (stealth).
 40799 | Vaults:2 | 40799 ||| Stepping ~*~*~tactically~*~*~ (stealth).
 40801 | Vaults:2 | 40801 ||| Stepping ~*~*~tactically~*~*~ (stealth).
 40804 | Vaults:2 | 40804 ||| Stepping ~*~*~tactically~*~*~ (stealth).
 40806 | Vaults:2 | 40806 ||| Stepping ~*~*~tactically~*~*~ (stealth).
 40809 | Vaults:2 | 40809 ||| Stepping ~*~*~tactically~*~*~ (stealth).
 40812 | Vaults:2 | 40812 ||| Stepping ~*~*~tactically~*~*~ (stealth).
 40813 | Vaults:2 | 40813 ||| Stepping ~*~*~tactically~*~*~ (stealth).
 40846 | Vaults:2 | Received a gift from Okawaru
 40849 | Vaults:2 | 40849 ||| Stepping ~*~*~tactically~*~*~ (stealth).
 40924 | Vaults:2 | 40924 ||| Stepping ~*~*~tactically~*~*~ (stealth).
 40995 | Vaults:2 | 40995 ||| Stepping ~*~*~tactically~*~*~ (hiding).
 40996 | Vaults:2 | 40996 ||| Stepping ~*~*~tactically~*~*~ (hiding).
 41005 | Vaults:2 | 41005 ||| INVOKING Heroism.
 41029 | Vaults:2 | Identified the +6 hand crossbow of Distraction {penet,
                  | rElec rN++} (Okawaru gifted it to you on level 2 of the
                  | Vaults)
 41029 | Vaults:2 | Received a gift from Okawaru
 41104 | Vaults:2 | 41104 ||| Stepping ~*~*~tactically~*~*~ (hiding).
 41236 | Vaults:2 | Identified the +0 robe "Weiffun" {Slay+2}
 41254 | Vaults:2 | 41254 ||| INVOKING Heroism.
 41461 | Vaults:2 | 41461 ||| INVOKING Heroism.
 41471 | Vaults:2 | Reached skill level 18 in Fighting
 42033 | Vaults:3 | 42033 ||| Stepping ~*~*~tactically~*~*~ (hiding).
 42036 | Vaults:3 | 42036 ||| Stepping ~*~*~tactically~*~*~ (hiding).
 42040 | Vaults:3 | 42040 ||| INVOKING Heroism.
 42122 | Vaults:3 | 42122 ||| FLEEEEING.
 42123 | Vaults:3 | 42123 ||| STAIRDANCE
 42250 | Vaults:3 | 42250 ||| Stepping ~*~*~tactically~*~*~ (hiding).
 42253 | Vaults:3 | 42253 ||| Stepping ~*~*~tactically~*~*~ (hiding).
 42254 | Vaults:3 | 42254 ||| Stepping ~*~*~tactically~*~*~ (hiding).
 42291 | Vaults:3 | 42291 ||| Stepping ~*~*~tactically~*~*~ (stealth).
 42294 | Vaults:3 | 42294 ||| Stepping ~*~*~tactically~*~*~ (hiding).
 42297 | Vaults:3 | 42297 ||| INVOKING Heroism.
 42298 | Vaults:3 | 42298 ||| Stepping ~*~*~tactically~*~*~ (hiding).
 42304 | Vaults:3 | 42304 ||| Stepping ~*~*~tactically~*~*~ (hiding).
 42305 | Vaults:3 | 42305 ||| Stepping ~*~*~tactically~*~*~ (hiding).
 42359 | Vaults:3 | 42359 ||| READING scroll of enchant weapon.
 42359 | Vaults:3 | 42359 ||| ENCHANTING +6 broad axe of protection.
 42397 | Vaults:3 | 42397 ||| Stepping ~*~*~tactically~*~*~ (hiding).
 42405 | Vaults:3 | Received a gift from Okawaru
 42409 | Vaults:3 | 42409 ||| INVOKING Heroism.
 42551 | Vaults:3 | 42551 ||| Stepping ~*~*~tactically~*~*~ (stealth).
 42553 | Vaults:3 | 42553 ||| INVOKING Heroism.
 42579 | Vaults:3 | Received a gift from Okawaru
 42629 | Vaults:3 | 42629 ||| FLEEEEING.
 42630 | Vaults:3 | 42630 ||| FLEEEEING.
 42631 | Vaults:3 | 42631 ||| FLEEEEING.
 42637 | Vaults:3 | 42637 ||| STAIRDANCE
 42695 | Vaults:2 | 42695 ||| UPGRADING to +0 cloak.
 42703 | Vaults:3 | 42703 ||| FLEEEEING.
 42704 | Vaults:3 | 42704 ||| STAIRDANCE
 42793 | Vaults:3 | 42793 ||| INVOKING Heroism.
 42812 | Vaults:3 | HP: 18/129 [ghostly deep elf death mage/bolt of negative
                  | energy[a deep elf high priest] (36)]
 42813 | Vaults:3 | 42813 ||| DRINKING 3 potions of heal wounds.
 42816 | Vaults:3 | 42816 ||| FLEEEEING.
 42817 | Vaults:3 | 42817 ||| FLEEEEING.
 42818 | Vaults:3 | 42818 ||| FLEEEEING.
 42819 | Vaults:3 | 42819 ||| FLEEEEING.
 42820 | Vaults:3 | 42820 ||| FLEEEEING.
 42821 | Vaults:3 | 42821 ||| FLEEEEING.
 42822 | Vaults:3 | 42822 ||| FLEEEEING.
 42824 | Vaults:3 | 42824 ||| FLEEEEING.
 42825 | Vaults:3 | 42825 ||| FLEEEEING.
 42826 | Vaults:3 | 42826 ||| FLEEEEING.
 42827 | Vaults:3 | 42827 ||| FLEEEEING.
 42828 | Vaults:3 | 42828 ||| FLEEEEING.
 42829 | Vaults:3 | 42829 ||| FLEEEEING.
 42832 | Vaults:3 | 42832 ||| STAIRDANCE
 43104 | Vaults:3 | 43104 ||| Stepping ~*~*~tactically~*~*~ (hiding).
 43105 | Vaults:3 | 43105 ||| Stepping ~*~*~tactically~*~*~ (hiding).
 43111 | Vaults:3 | 43111 ||| Stepping ~*~*~tactically~*~*~ (hiding).
 43112 | Vaults:3 | 43112 ||| Stepping ~*~*~tactically~*~*~ (hiding).
 43137 | Vaults:3 | 43137 ||| Stepping ~*~*~tactically~*~*~ (stealth).
 43142 | Vaults:3 | 43142 ||| INVOKING Heroism.
 43156 | Vaults:3 | Received a gift from Okawaru
 43164 | Vaults:3 | 43164 ||| Stepping ~*~*~tactically~*~*~ (hiding).
 43167 | Vaults:3 | 43167 ||| Stepping ~*~*~tactically~*~*~ (hiding).
 43174 | Vaults:3 | 43174 ||| INVOKING Finesse.
 43194 | Vaults:3 | Received a gift from Okawaru
 43195 | Vaults:3 | 43195 ||| INVOKING Heroism.
 43225 | Vaults:3 | Received a gift from Okawaru
 43237 | Vaults:3 | HP: 34/136 [freezing wraith (6)]
 43237 | Vaults:3 | HP: 15/136 [freezing wraith (19)]
 43238 | Vaults:3 | 43238 ||| DRINKING 2 potions of heal wounds.
 43245 | Vaults:3 | 43245 ||| INVOKING Finesse.
 43248 | Vaults:3 | HP: 14/136 [deep troll simulacrum[a necromancer] (23)]
 43249 | Vaults:3 | 43249 ||| DRINKING potion of heal wounds.
 43262 | Vaults:3 | Paralysed by a floating eye for 4 turns
 43265 | Vaults:3 | HP: 34/136 [vault guard/+0 glaive[a vault warden] (9)]
 43517 | Vaults:3 | 43517 ||| INVOKING Heroism.
 43518 | Vaults:3 | 43518 ||| INVOKING Finesse.
 43534 | Vaults:3 | Reached skill level 20 in Shields
 43783 | Vaults:3 | 43783 ||| Stepping ~*~*~tactically~*~*~ (stealth).
 43785 | Vaults:3 | 43785 ||| INVOKING Heroism.
 43978 | Vaults:3 | Noticed a bone dragon
 44005 | Vaults:3 | 44005 ||| INVOKING Heroism.
 44011 | Vaults:3 | Killed a bone dragon
 44011 | Vaults:3 | Received a gift from Okawaru
 44169 | Vaults:3 | Found a staircase to the Crypt.
 44268 | Vaults:3 | 44268 ||| Stepping ~*~*~tactically~*~*~ (hiding).
 44270 | Vaults:3 | 44270 ||| Stepping ~*~*~tactically~*~*~ (hiding).
 44274 | Vaults:3 | 44274 ||| INVOKING Heroism.
 44277 | Vaults:3 | Reached XP level 21. HP: 140/142 MP: 20/22
 44532 | Vaults:3 | 44532 ||| READING scroll of enchant armour.
 44532 | Vaults:3 | 44532 ||| ENCHANTING +0 plate armour of fire resistance.
 44562 | Vaults:3 | 44562 ||| Stepping ~*~*~tactically~*~*~ (stealth).
 44927 | Vaults:4 | Received a gift from Okawaru
 44935 | Vaults:4 | 44935 ||| INVOKING Heroism.
 45281 | Vaults:4 | 45281 ||| Stepping ~*~*~tactically~*~*~ (hiding).
 45285 | Vaults:4 | 45285 ||| INVOKING Heroism.
 45293 | Vaults:4 | 45293 ||| INVOKING Finesse.
 45519 | Vaults:4 | 45519 ||| INVOKING Heroism.
 45622 | Vaults:4 | 45622 ||| FLEEEEING.
 45623 | Vaults:4 | 45623 ||| FLEEEEING.
 45624 | Vaults:4 | 45624 ||| FLEEEEING.
 45625 | Vaults:4 | 45625 ||| FLEEEEING.
 45626 | Vaults:4 | 45626 ||| FLEEEEING.
 45627 | Vaults:4 | 45627 ||| FLEEEEING.
 45635 | Vaults:4 | Reached skill level 18 in Armour
 45636 | Vaults:4 | 45636 ||| INVOKING Heroism.
 45656 | Vaults:4 | 45656 ||| Stepping ~*~*~tactically~*~*~ (hiding).
 45669 | Vaults:4 | 45669 ||| INVOKING Finesse.
 45677 | Vaults:4 | HP: 21/144 [frost giant/bolt of cold (55)]
 45678 | Vaults:4 | 45678 ||| READING scroll of teleportation.
 45678 | Vaults:4 | Killed from afar by a frost giant

Levels and vault maps discovered:
D:1:      dpeg_arrival_fog, layout_rooms, corexii_corridor_pit
D:2:      layout_basic, uniq_natasha
D:3:      layout_loops_cross, kennysheep_slug_shrine, evilmike_ruin_ashenzari,
          nicolae_elyvilon_peaceful_grove, dreamdust_ecumenical_altar_grove,
          nicolae_shop_unique_rings, uniq_sigmund, uniq_grinder
D:4:      layout_basic, overflow_temple_1_default, nemelex_dance_club_becter,
          nicolae_uskayaw_dance_hall, temple_pool_b, hangedman_minor_gate_pass,
          uniq_eustachio, uniq_robin
D:5:      layout_cave_pods
D:6:      layout_basic, makhleb_grotto_becter, amcnicky_altar_gilded,
          hangedman_decor_growths
D:7:      layout_rooms
D:8:      layout_loops_corners, mainiacjoe_overflow_catwalk,
          mainiacjoe_overflow_small_starburst, uniq_gastronok, uniq_maggie
D:9:      layout_irregular_city, nicolae_ru_great_annihilating_truth
D:10:     layout_cave_pools, trog_book, mainiacjoe_overflow_chevrons,
          mainiacjoe_overflow_alcove_2, dpeg_lair_monsters, serial_bayou,
          serial_bayou_lagoon_a, serial_bayou_ford_a, serial_bayou_shore_b,
          serial_bayou_lagoon_b, grunt_ministairs_3
D:11:     kennysheep_big_flooded_room, layout_rooms,
          nicolae_trove_entry_crossroad, uniq_grum
D:12:     layout_basic, orc_0_dummy, gammafunk_ghost_stat_death,
          minmay_misc_feat_five, nicolae_hepliaklqana_monster_ancestors,
          uniq_jorgrun
D:13:     layout_rooms, hangedman_vaults_entry_quadrant_bands
D:14:     layout_stronghold, nicolae_titane, nzn_ghost_randoct
D:15:     grunt_enter_depths_giant_problem, layout_basic, grunt_decor_junction,
          serial_shops, shop
Temple:   hellmonk_temple_forest_ring
Lair:1:   layout_regular_city, grunt_megastairs_1, uniq_amaemon
Lair:2:   layout_cave_pods, minmay_shoals_entry_lonely_mermaid,
          serial_bayou_shore_a, grunt_megastairs_2, serial_bayou_shore_b
Lair:3:   regret_index_combs_of_tragedy, layout_loops_ring,
          guppyfry_snake_entry_garden, hangedman_tree_tricks
Lair:4:   dragon1_lemuel, layout_regular_city, portal_ice_cave_rime,
          nicolae_lair_time_for_slime
Lair:5:   cheibrodos_lair_end_hotspot, layout_loops_ring, slime_entry_1,
          kennysheep_basilisk_garden
Shoals:1: cheibrodos_shoals_oceanic_diplomacy, layout_shoals, uniq_josephine
Shoals:2: layout_shoals, serial_shops, shop, nicolae_stop_n_shop_1,
          nicolae_stop_n_shop_1, nicolae_take_the_stairs, serial_nicolae_subway,
          nicolae_sub_station_metal, nicolae_sub_station_crystal,
          nicolae_sub_station_stone
Shoals:3: layout_shoals, uniq_aizul, uniq_ilsuiw
Snake:1:  dpeg_oklob_gauntlet, layout_chambers, lightli_airlock
Snake:2:  layout_onion, basic_altar
Snake:3:  layout_gridlike, nicolae_snake_serpentine_hallways,
          grunt_ministairs_12, uniq_vashnia, uniq_mara
Snake:4:  grunt_snake_rune_serpentine_throne, layout_misc_corridors,
          nicolae_shop_i_like_big_books, uniq_bai_suzhen
Orc:1:    layout_caves
Orc:2:    st_orc_congregation, layout_caves, serial_shops,
          nicolae_shop_waterfront, basic_altar, nicolae_orc_lost_temple
Vaults:1: vaults_dpeg_ring, v_misc_10, nicolae_vaults_big_ls, v_misc_19,
          v_pattern_3, nicolae_vaults_diagonal_hallway_7, ontoclasm_vaults_chip,
          vaults_mumra_hexcomb, layout_vaults_omnigrid,
          serial_hangedman_research, hangedman_research_quantum,
          hangedman_research_pyrotechnics, hangedman_research_thanatology,
          serial_shops, nicolae_diamond_shop
Vaults:2: hangedman_vaults_snaps, ontoclasm_vaults_ligature,
          nicolae_vaults_mini_display_case, v_misc_26, v_rooms_2,
          nicolae_vaults_circle_grid_b, hangedman_vaults_nails,
          hangedman_vaults_corner_blocks, v_pattern_4,
          vaults_dpeg_emergency_exit, layout_vaults_omnicross
Vaults:3: nicolae_vaults_stairing_the_circle, minmay_crypt_entry_nasty_monster,
          v_misc_26, grunt_vaults_focal,
          vaults_standard_mumra_enter_the_diamond, nicolae_vaults_asterisk,
          vaults_room_hangedman_quadrants, v_misc_31, layout_vaults_big_room
Vaults:4: vaults_standard_mumra_lines, nicolae_vaults_minivaults, v_pattern_5,
          hangedman_vaults_nails, v_rooms_4, v_misc_4, v_misc_27,
          vaults_room_fancy_cross, vaults_room_hallway, vaults_room_door_ring,
          vaults_room_semicircle, vaults_dpeg_hooks, vaults_dpeg_diagonal,
          layout_vaults_omnibox, uniq_xtahua

Skill      XL: |  1  2  3  4  5  6  7  8  9 10 11 12 13 14 15 16 17 18 19 20 21 |
---------------+----------------------------------------------------------------+-----
Axes           | 2 3 4 5 7 8 9 11 12 13 14 15 17 18 | 18.0
Fighting       | 4 6 7 9 10 11 12 13 15 17 18 19 | 19.0
Dodging        | 1 2 3 4 5 |  5.0
Armour         | 5 6 7 8 9 10 12 13 15 17 18 | 18.0
Invocations    | 4 7 10 | 10.0
Shields        | 4 5 6 7 12 16 17 18 19 20 | 20.0
Throwing       | 3 5 7 9 10 | 10.5

Action                   |  1- 3 |  4- 6 |  7- 9 | 10-12 | 13-15 | 16-18 | 19-21 || total
-------------------------+-------+-------+-------+-------+-------+-------+-------++-------
Melee: War axe           |   102 |   139 |   298 |   310 |    38 |       |       ||   887
       Headbutt          |       |       |    35 |    67 |   267 |   380 |   337 ||  1086
       Morningstar       |       |       |       |     9 |       |       |       ||     9
       Broad axe         |       |       |       |       |  1094 |  1602 |  1155 ||  3851
       Eveningstar       |       |       |       |       |    13 |       |       ||    13
Throw: Javelin           |       |       |       |    40 |   136 |    70 |    79 ||   325
Invok: Heroism           |       |       |     7 |    28 |    43 |    58 |    31 ||   167
       Finesse           |       |       |       |     2 |    12 |     7 |    12 ||    33
  Use: Scroll            |     1 |     6 |    11 |     8 |     8 |     6 |    10 ||    50
       Potion            |       |     2 |     3 |     3 |     2 |     1 |     4 ||    15
 Stab: Distracted        |       |       |     1 |     6 |     2 |       |       ||     9
       Paralysed         |       |       |       |     1 |       |       |       ||     1
Armor: Scale mail        |    60 |    68 |     5 |       |       |       |       ||   133
       Plate armour      |       |       |   210 |   155 |   575 |   472 |   392 ||  1804
Dodge: Dodged            |    54 |    61 |   109 |   111 |   285 |   316 |   242 ||  1178
Block: Buckler           |    20 |    25 |    54 |    51 |    74 |       |       ||   224
       Tower shield      |       |       |       |       |   779 |  1803 |  1116 ||  3698
       Reflection        |       |       |       |       |       |   177 |    85 ||   262

Table legend:
 A = Non-vault XP
 B = Vault XP
 C = Vault XP percentage of total XP
 D = Non-vault monster count
 E = Vault monster count
 F = Vault count percentage of total count
                 A         B        C        D         E       F
            +---------+---------+-------+---------+---------+-------
      Total |  339051 |  198376 |  36.9 |     904 |     464 |  33.9
            +---------+---------+-------+---------+---------+-------
        D:1 |      15 |       0 |   0.0 |      10 |       0 |   0.0
        D:2 |     103 |      35 |  25.4 |      20 |       1 |   4.8
        D:3 |      41 |     679 |  94.3 |      17 |       4 |  19.0
        D:4 |     168 |     149 |  47.0 |      14 |      20 |  58.8
        D:5 |     286 |       0 |   0.0 |      15 |       0 |   0.0
        D:6 |    1139 |      50 |   4.2 |      16 |       1 |   5.9
        D:7 |    1052 |       0 |   0.0 |      16 |       0 |   0.0
        D:8 |    1212 |    1892 |  61.0 |      15 |       2 |  11.8
        D:9 |    1244 |      36 |   2.8 |      19 |       4 |  17.4
       D:10 |    2867 |    3501 |  55.0 |      35 |      17 |  32.7
       D:11 |    3783 |    2005 |  34.6 |      22 |       7 |  24.1
       D:12 |    7124 |    1853 |  20.6 |      20 |       3 |  13.0
       D:13 |    4734 |    7349 |  60.8 |      10 |      18 |  64.3
       D:14 |   13365 |       0 |   0.0 |      35 |       0 |   0.0
       D:15 |    9410 |    1281 |  12.0 |      20 |       1 |   4.8
     Lair:1 |    4303 |    2533 |  37.1 |      20 |       7 |  25.9
     Lair:2 |    7388 |    1569 |  17.5 |      19 |       8 |  29.6
     Lair:3 |    5752 |    7488 |  56.6 |      21 |      51 |  70.8
     Lair:4 |   12685 |    3738 |  22.8 |      32 |      11 |  25.6
     Lair:5 |   15040 |    7273 |  32.6 |      43 |      29 |  40.3
   Shoals:1 |    8104 |    7080 |  46.6 |      15 |      16 |  51.6
   Shoals:2 |   10639 |       0 |   0.0 |      21 |       0 |   0.0
   Shoals:3 |   15235 |    3612 |  19.2 |      32 |       5 |  13.5
    Snake:1 |   10903 |    1687 |  13.4 |      22 |       3 |  12.0
    Snake:2 |   21815 |       0 |   0.0 |      47 |       0 |   0.0
    Snake:3 |   17980 |   12260 |  40.5 |      36 |      12 |  25.0
    Snake:4 |   19725 |   25621 |  56.5 |      47 |      36 |  43.4
      Orc:1 |    4514 |       0 |   0.0 |      39 |       0 |   0.0
      Orc:2 |    3199 |   10535 |  76.7 |      32 |      69 |  68.3
   Vaults:1 |   28915 |   37950 |  56.8 |      47 |      62 |  56.9
   Vaults:2 |   39534 |   17089 |  30.2 |      49 |      29 |  37.2
   Vaults:3 |   54001 |   16355 |  23.2 |      81 |      18 |  18.2
   Vaults:4 |   12776 |   24756 |  66.0 |      17 |      30 |  63.8
            +---------+---------+-------+---------+---------+-------
